 Dungeon Crawl Stone Soup version 0.30-a0-737-gf23d94013f (webtiles) character file.

Game seed: 11511639080244983912

14465123 browni3141 the Grim Reaper (level 27, 188/273 HPs)
             Began as a Black Draconian Hunter on Feb 1, 2023.
             Was a Follower of Yredelemnul.
             Escaped with the Orb
             ... and 15 runes!
             The game lasted 06:52:35 (109159 turns).

browni3141 the Grim Reaper (DrHu)                 Turns: 109159, Time: 06:52:36

Health: 188/273    AC: 25    Str: 10    XL:     27
Magic:  40/40      EV: 40    Int: 22    God:    Yredelemnul [*.....]
Gold:   13157      SH:  0    Dex: 29    Spells: 8/42 levels left

rFire   + + +      SeeInvis +    a - +8 longbow "Zephyr" {speed, Dex+3 SInv}
rCold   + + .      Faith    .    (shield currently unavailable)
rNeg    + + +      Spirit   .    (body armour unavailable)
rPois   .          Reflect  .    J - +2 hat of Cuythrye {Will+ Dex+3}
rElec   +          Harm     .    i - +2 cloak {Will+}
rCorr   .          Rampage  .    L - +3 pair of gauntlets of War {Slay+5}
Will    +++++      Rage     53%  f - +2 pair of boots "Plog" {Regen+ Int+4 Stlth-}
Stlth   ++++                     M - necklace of Bloodlust {Fury *Rage Will++ Int-3 Slay+6}
HPRegen 1.45/turn                n - ring of the Establishment {Drain Fly rF+++ Int+3 Slay+2}
MPRegen 0.27/turn                y - ring "Penaso Genae" {rC++ rN+++ Str-5 Int+6 Stlth+}

@: flying, studying 2 skills
A: breathe lightning, AC +13, unfitting armour, big wings, electricity
resistance, cold-blooded, stinger 1, berserk 1, clumsy 1, deterioration 1
0: Orb of Zot
}: 15/15 runes: decaying, serpentine, slimy, silver, golden, iron, obsidian,
icy, bone, abyssal, demonic, glowing, magical, fiery, dark
a: Breathe Lightning, Renounce Religion, Recall Undead Harvest


You escaped.
You worshipped Yredelemnul.
Yredelemnul was exalted by your worship.
You visited 18 branches of the dungeon, and saw 87 of its levels.
You visited Pandemonium 2 times, and saw 18 of its levels.
You visited the Abyss 1 time.
You visited 1 ziggurat, and saw 12 of its levels.
You also visited: Bailey, Gauntlet, Volcano and Wizlab.

You collected 17889 gold pieces.
You spent 4732 gold pieces at shops.

Inventory:

Hand Weapons
 a - the +8 longbow "Zephyr" (weapon) {speed, Dex+3 SInv}
   (You acquired it on level 2 of the Orcish Mines)

   Dex:       It affects your dexterity (+3).
   SInv:      It lets you see invisible.
 b - a +9 arbalest of freezing
 B - the +7 sceptre of Asmodeus
   (You took it off Asmodeus on level 7 of Gehenna)

   Wielding it grants the ability to summon fiery demons, with success rate
   depending on Evocations skill.
   Those summoned this way will remain friendly only for a limited time.
 T - a +8 longbow of flaming
Missiles
 e - 9 throwing nets
Armour
 f - the +2 pair of boots "Plog" (worn) {Regen+ Int+4 Stlth-}
   (You found it on level 5 of the Pits of Slime)

   Int:       It affects your intelligence (+4).
   Regen:     It increases your rate of health regeneration.
   Stlth:     It makes you less stealthy.
 i - a +2 cloak of willpower (worn)
 J - the +2 hat of Cuythrye (worn) {Will+ Dex+3}
   (You acquired it on level 9 of the Dungeon)

   Dex:       It affects your dexterity (+3).
   Will:      It increases your willpower.
 K - the +0 pair of fencer's gloves {Riposte Dex+3}
   (You found it on level 7 of Gehenna)

   Riposte:   It allows the wearer to riposte with melee weapons, swiftly
   retaliating against missed or blocked melee attacks.
   Dex:       It affects your dexterity (+3).
 L - the +3 pair of gauntlets of War (worn) {Slay+5}
   (You found it on level 3 of the Tomb of the Ancients)

   Slay:      It affects your accuracy & damage with ranged weapons and melee
   (+5).
Jewellery
 n - the ring of the Establishment (left hand) {Drain Fly rF+++ Int+3 Slay+2}
   (You found it on level 3 of the Tomb of the Ancients)

   [ring of flight]

   Int:       It affects your intelligence (+3).
   Slay:      It affects your accuracy & damage with ranged weapons and melee
   (+2).
   rF:        It renders you almost immune to fire.
   Fly:       It grants you flight.
   Drain:     It drains your maximum health when unequipped.
 u - the ring of Greed {rPois rN++ EV+5}
   (You bought it in a shop on level 15 of the Dungeon)

   [ring of evasion]

   EV:        It affects your evasion (+5).
   rPois:     It protects you from poison.
   rN:        It greatly protects you from negative energy.
 y - the ring "Penaso Genae" (right hand) {rC++ rN+++ Str-5 Int+6 Stlth+}
   (You found it on level 11 of a ziggurat)

   [ring of intelligence]

   Str:       It affects your strength (-5).
   Int:       It affects your intelligence (+6).
   rC:        It greatly protects you from cold.
   rN:        It renders you almost immune to negative energy.
   Stlth:     It makes you more stealthy.
 C - a ring of the Octopus King {HP+2 AC+2 EV+2 SH+2 SInv}
   (You found it on level 11 of a ziggurat)

   [ring of see invisible]

   AC:        It affects your AC (+2).
   EV:        It affects your evasion (+2).
   HP:        It affects your health (+2).
   SInv:      It lets you see invisible.
   SH:        It affects your SH (+2).
 M - the necklace of Bloodlust (around neck) {Fury *Rage Will++ Int-3 Slay+6}
   (You bought it in a shop on level 3 of the Elven Halls)

   [amulet of nothing]

   Fury:      It extends the wearer's berserk rage when killing foes.
   Int:       It affects your intelligence (-3).
   Slay:      It affects your accuracy & damage with ranged weapons and melee
   (+6).
   *Rage:     It berserks you when you make melee attacks (+50% chance).
   Will:      It greatly increases your willpower.
 O - the amulet of Pyromania {Acrobat rElec rF++ Str-2 Dex+2}
   (You took it off a deep elf annihilator on level 3 of the Elven Halls)

   [amulet of the acrobat]

   It increases your evasion while moving and waiting.
   Str:       It affects your strength (-2).
   Dex:       It affects your dexterity (+2).
   rF:        It greatly protects you from fire.
   rElec:     It insulates you from electricity.
 P - the ring of Piqedaf {Fly rCorr Int+2}
   (You took it off a vault warden on level 5 of the Vaults)

   [ring of flight]

   Int:       It affects your intelligence (+2).
   Fly:       It grants you flight.
   rCorr:     It protects you from acid and corrosion.
 U - the ring of the Hare {EV+10}
   (You found it on level 10 of a ziggurat)

   [ring of evasion]

   EV:        It affects your evasion (+10).
Wands
 m - a wand of acid (48)
 v - a wand of roots (55)
 V - a wand of paralysis (35)
Scrolls
 j - 9 scrolls of poison
 r - 23 scrolls of teleportation
 s - 2 scrolls of enchant armour
 F - 3 scrolls of magic mapping
 R - 5 scrolls of brand weapon
 S - 9 scrolls of vulnerability
 W - 5 scrolls of fear
 X - 7 scrolls of silence
 Y - 6 scrolls of butterflies
 Z - 5 scrolls of immolation
Potions
 c - 10 potions of heal wounds
 h - 20 potions of curing
 l - 2 potions of cancellation
 o - 16 potions of attraction
 t - 2 potions of invisibility
 x - 5 potions of resistance
 z - 11 potions of mutation
 E - 3 potions of magic
 H - 2 potions of lignification
 I - 7 potions of ambrosia
 N - 5 potions of might
Miscellaneous
 d - a phial of floods
 g - a phantom mirror (inert)
 k - a tin of tremorstones (2/2)
 p - a lightning rod (4/4)
 q - the horn of Geryon
 A - a condenser vane (inert)
 D - a box of beasts (inert)
 G - a lightning rod (4/4)
 Q - a figurine of a ziggurat


   Skills:
 O Level 27 Fighting
 * Level 25.7 Ranged Weapons
 * Level 25.5 Dodging
 O Level 27 Stealth
 - Level 8.0 Spellcasting
 - Level 7.0 Hexes
 - Level 15.0 Translocations
 - Level 4.0 Fire Magic
 - Level 15.0 Air Magic
 O Level 27 Invocations
 * Level 23.7 Evocations


You had 8 spell levels left.
You knew the following spells:

 Your Spells              Type           Power      Damage    Failure   Level
a - Swiftness             Air            65%        N/A       1%          3
b - Airstrike             Air            32%        2d(5-21)  1%          4
c - Portal Projectile     Hex/Tloc       100%       N/A       1%          3
d - Apportation           Tloc           100%       N/A       0%          1
e - Vhi's Electric Charg  Tloc/Air       100%       N/A       1%          3
f - Inner Flame           Hex/Fire       33%        N/A       2%          3
g - Blink                 Tloc           100%       N/A       1%          2
h - Dispersal             Tloc           32%        N/A       2%          6
i - Passage of Golubria   Tloc           65%        N/A       1%          4
j - Silence               Hex/Air        27%        N/A       2%          5

Your spell library contained the following spells:

 Spells                   Type           Power      Damage    Failure   Level
 Shock                    Conj/Air       100%       1d9       1%          1
 Slow                     Hex            100%       N/A       1%          1
 Cigotuvi's Dreadful Rot  Necr/Pois/Air  60%        N/A       1%          2
 Lesser Beckoning         Tloc           100%       N/A       1%          2
 Momentum Strike          Conj/Tloc      82%        3d10      1%          2
 Poisonous Vapours        Pois/Air       82%        N/A       1%          2
 Static Discharge         Conj/Air       82%        2-6/arc   1%          2
 Confusing Touch          Hex            39%        N/A       1%          3
 Gell's Gravitas          Tloc           65%        N/A       1%          3
 Kindle Blastsparks       Fire/Tloc/Air  100%       2d18      1%          3
 Teleport Other           Tloc           65%        N/A       1%          3
 Tukima's Dance           Hex            39%        N/A       1%          3
 Manifold Assault         Tloc           65%        N/A       1%          4
 Ensorcelled Hibernation  Hex/Ice        48%        N/A       2%          2
 Mephitic Cloud           Conj/Pois/Air  30%        N/A       2%          3
 Foxfire                  Conj/Fire      68%        2x1d7     3%          1
 Iskenderun's Mystic Bla  Conj/Tloc      41%        2d9       3%          4
 Summon Lightning Spire   Summ/Air       41%        N/A       3%          4
 Cause Fear               Hex            19%        N/A       4%          4
 Dazzling Flash           Conj/Hex       48%        N/A       5%          3
 Summon Guardian Golem    Hex/Summ       24%        N/A       5%          3
 Beastly Appendage        Tmut           16%        N/A       8%          1
 Freeze                   Ice            32%        1d5       8%          1
 Kiss of Death            Conj/Necr      32%        2d7       8%          1
 Magic Dart               Conj           32%        1d4       8%          1
 Necrotise                Necr           32%        1d5       8%          1
 Sandblast                Erth           16%        2d6       8%          1
 Sting                    Tmut/Pois      32%        1d4       8%          1
 Summon Small Mammal      Summ           32%        N/A       8%          1
 Arcjolt                  Conj/Air       20%        1d30      10%         5
 Lightning Bolt           Conj/Air       20%        1d35      10%         5
 Summon Forest            Summ/Tloc      20%        N/A       10%         5
 Call Imp                 Summ           8%         N/A       11%         2
 Passwall                 Tmut/Erth      6%         N/A       11%         2
 Sublimation of Blood     Necr           8%         N/A       11%         2
 Wereblood                Tmut           8%         N/A       11%         2
 Anguish                  Hex/Necr       12%        N/A       17%         4
 Fulminant Prism          Conj/Hex       12%        3d9       17%         4
 Leda's Liquefaction      Hex/Erth       12%        N/A       17%         4
 Call Canine Familiar     Summ           8%         N/A       22%         3
 Frozen Ramparts          Ice            16%        1d3       22%         3
 Hailstorm                Conj/Ice       8%         3d4       22%         3
 Ozocubu's Armour         Ice            8%         N/A       22%         3
 Spider Form              Tmut/Pois      8%         N/A       22%         3
 Stone Arrow              Conj/Erth      16%        3d8       22%         3
 Vampiric Draining        Necr           8%         2d6       22%         3
 Freezing Cloud           Conj/Ice/Air   15%        6-21      26%         5
 Flame Wave               Conj/Fire      17%        2d7       32%         4
 Sticky Flame             Conj/Fire      17%        2d4       32%         4
 Metabolic Englaciation   Hex/Ice        12%        N/A       43%         5
 Summon Mana Viper        Hex/Summ       24%        N/A       43%         5
 Yara's Violent Unravell  Hex/Tmut       12%        3d7       43%         5
 Conjure Ball Lightning   Conj/Air       20%        3x3d6     45%         6
 Dispel Undead            Necr           8%         3d8       58%         4
 Ice Form                 Ice/Tmut       8%         N/A       58%         4
 Olgreb's Toxic Radiance  Pois           8%         N/A       58%         4
 Summon Ice Beast         Ice/Summ       8%         N/A       58%         4
 Disjunction              Tloc           32%        N/A       71%         8
 Maxwell's Capacitive Co  Air            32%        ∞         71%         8
 Agony                    Necr           8%         N/A       90%         5
 Alistair's Intoxication  Tmut/Pois      5%         N/A       90%         5
 Blade Hands              Tmut           4%         N/A       90%         5
 Borgnjor's Vile Clutch   Necr/Erth      4%         N/A       90%         5
 Irradiate                Conj/Tmut      4%         3d13      90%         5
 Lee's Rapid Deconstruct  Erth           4%         3d5*      90%         5
 Malign Gateway           Summ/Tloc      20%        N/A       96%         7
 Storm Form               Tmut/Air       20%        N/A       96%         7
 Enfeeble                 Hex            19%        N/A       98%         7
 Starburst                Conj/Fire      8%         6d4       99%         6
 Eringya's Noxious Bog    Tmut/Pois      4%         N/A       100%        6
 Iron Shot                Conj/Erth      4%         9d2       100%        6
 Statue Form              Tmut/Erth      5%         N/A       100%        6
 Summon Cactus Giant      Summ           4%         N/A       100%        6
 Dragon Form              Tmut           4%         N/A       100%        7
 Orb of Destruction       Conj           4%         9d5       100%        7
 Ozocubu's Refrigeration  Ice            4%         4d8       100%        7
 Spellforged Servitor     Conj/Summ      4%         N/A       100%        7
 Summon Hydra             Summ           4%         N/A       100%        7
 Borgnjor's Revivificati  Necr           4%         N/A       100%        8
 Discord                  Hex            19%        N/A       100%        8
 Infestation              Necr           4%         N/A       100%        8
 Lehudib's Crystal Spear  Conj/Erth      4%         10d3      100%        8
 Necromutation            Tmut/Necr      4%         N/A       100%        8
 Summon Horrible Things   Summ           4%         N/A       100%        8
 Chain Lightning          Conj/Air       20%        3d27      100%        9
 Death's Door             Necr           4%         N/A       100%        9
 Dragon's Call            Summ           4%         N/A       100%        9
 Fire Storm               Conj/Fire      8%         8d2       100%        9
 Polar Vortex             Ice            4%         N/A       100%        9
 Shatter                  Erth           4%         3d7*      100%        9
 Animate Armour           Summ/Erth      Unusable   N/A       N/A         4
 Animate Dead             Necr           Unusable   N/A       N/A         4
 Death Channel            Necr           Unusable   N/A       N/A         6
 Simulacrum               Ice/Necr       Unusable   N/A       N/A         6

Dungeon Overview and Level Annotations

Branches:
Dungeon (15/15)            Temple (1/1) D:6            Lair (5/5) D:9
  Swamp (4/4) Lair:3        Snake (4/4) Lair:3        Slime (5/5) Lair:5
    Orc (2/2) D:11            Elf (3/3) Orc:2        Vaults (5/5) D:13
  Crypt (3/3) Vaults:3       Tomb (3/3) Crypt:3      Depths (4/4) D:15
   Hell (visited)             Dis (7/7) Hell            Geh (7/7) Hell
    Coc (7/7) Hell            Tar (7/7) Hell            Zot (5/5) Depths:4
 Bailey (visited)         Volcano (visited)          WizLab (visited)
Gauntlet (visited)

Altars:
Ashenzari
Cheibriados
Dithmenos
Elyvilon
Fedhas
Gozag
Hepliaklqana
Kikubaaqudgha
Makhleb
Nemelex Xobeh
Okawaru
Qazlal
Ru
Sif Muna
Trog
Uskayaw
Vehumet
Wu Jian
Xom
Yredelemnul
Zin
The Shining One
Jiyva

Shops:
D:8 *   D:12 ?   D:15 *=   Orc:1 *?   Orc:2 ?*[[   Elf:3 =   Vaults:1 *
Vaults:2 [   Vaults:4 [   Vaults:5 [   Depths:1 :[(:

Portals:
Hell: Depths:1 Depths:2 Depths:3 Depths:4
Abyss: Depths:3
Pandemonium: Depths:2

Annotations:
Zot:3 2 transporters
Zot:5 Boris


Innate Abilities, Weirdness & Mutations

You can breathe wild blasts of lightning.
Your glossy black scales are hard. (AC +13)
You cannot fit into any form of body armour.
Your large and strong wings let you fly.
You are resistant to electric shocks. (rElec)
You are cold-blooded and may be slowed by cold attacks.
Your tail ends in a venomous barb.
You sometimes lose your temper in combat.
You are clumsy. (Dex -2)
Your body sometimes deteriorates upon taking damage.


Message History

The bolt of acid hits Atoxeuti!!!
The acid corrodes Atoxeuti!
Fire: a) +8 longbow "Zephyr" {speed, Dex+3 SInv}
Press: ? - help, Q - select action, (/) - cycle Shift-Dir - straight line, f/p - Atoxeuti
Aim: Atoxeuti, armed with a painful touch (severely wounded, not watching you, covered in acid, ally target, 77% to hit)
You shoot an arrow. The arrow closely misses Atoxeuti.
The Orb Guardian completely misses you. Atoxeuti hits your ancient lich!
Fire: a) +8 longbow "Zephyr" {speed, Dex+3 SInv}
Press: ? - help, Q - select action, (/) - cycle Shift-Dir - straight line, f/p - Atoxeuti
Aim: Atoxeuti, armed with a painful touch (severely wounded, not watching you, covered in acid, ally target, 77% to hit)
You shoot an arrow. The arrow hits Atoxeuti!!!
Atoxeuti is almost dead.
Your elder oxsting beast misses Atoxeuti.
Your spectral ice devil hits the reaper but does no damage.
Fire: a) +8 longbow "Zephyr" {speed, Dex+3 SInv}
Press: ? - help, Q - select action, (/) - cycle Shift-Dir - straight line, f/p - Atoxeuti
Aim: Atoxeuti, armed with a painful touch (almost dead, covered in acid, ally target, 77% to hit)
You shoot an arrow. The arrow hits Atoxeuti!!
You kill Atoxeuti!
The Orb Guardian hits you but does no damage.
The reaper hits you from afar with a +1 scythe of freezing!
The reaper freezes you.
Your ancient lich casts a spell at the reaper.
The crystal spear hits the reaper!!!
Blink to where?
Press: ? - help, Dir - move target
As you read the scroll of blinking, it crumbles to dust.
Your ancient lich shimmers and vanishes!
Your elder oxsting beast closely misses the Orb Guardian. x2
Your elder oxsting beast stings the Orb Guardian but does no damage.
Your spectral ice devil closely misses the reaper.
The reaper hits your spectral ice devil with a +1 scythe of freezing.
Your elder oxsting beast hits the Orb Guardian but does no damage.
Your elder oxsting beast tramples the Orb Guardian!
The Orb Guardian holds its ground!
Your elder oxsting beast stings the Orb Guardian but does no damage.
Your spectral ice devil completely misses the reaper.
The reaper hits your spectral ice devil with a +1 scythe of freezing!
The reaper freezes your spectral ice devil.
The Orb Guardian hits your elder oxsting beast!!
You have escaped!

..#.#########.....#..##...##.#...
..#.########.....##..............
...........+.....+..........>#.##
###...######..[..###.............
......# ##................#.##
......# ###############.....#.#.
##.#### #.............#.....#.#.
#.## #.............#.......#.
#..## #...§§§@......#.#.#.#...
##..## #....§§§§§....#.#.#.#.#.
####..####.[..§§§§§....#...#.#.#.
.........######§§§##########.#.##
......##..# #§§Z#..............
......###.#####§2.#.########...##
......# #.....#.X.#.# #.....
......# ##....#.⌠H#.########.#.#.
......# ##...#...#..........#..#


You could see an Orb Guardian (distracted, ally target), a reaper (distracted,
ally target), a friendly elder oxsting beast (summoned) and a friendly spectral
ice devil.

Vanquished Creatures
  5 pandemonium lords
  Ereshkigal (Tar:7)
  the Royal Jelly (Slime:5)
  Dispater (Dis:7)
  7 ancient liches
  8 dread liches
  2 orbs of fire
  2 juggernauts
  4 royal mummies
  Boris (twice) (Crypt:1 Tomb:1)
  Vashnia (Snake:2)
  13 shard shrikes
  12 Killer Klowns
  2 caustic shrikes
  5 curse toes
  5 golden dragons
  Geryon (Hell)
  13 profane servitors
  14 bone dragons
  11 doom hounds
  2 iron giants (Dis:7)
  6 hellephants
  19 Tzitzimimeh
  6 Brimstone Fiends
  2 electric golems (Zot:5)
  A spectral shard shrike (Tar:4)
  6 Hell Sentinels
  15 tentacled monstrosities
  14 tainted leviathans
  24 Orb Guardians
  13 liches
  A walking earthen tome (Depths:2)
  6 titans
  9 quicksilver dragons
  13 Ice Fiends
  2 deep elf blademasters (Elf:3)
  21 searing wretches
  13 acid blobs
  28 ancient champions
  A sphinx (shapeshifter) (Zig:12)
  8 Executioners
  9 sphinxes
  A deep elf master archer (Elf:3)
  A kraken (Abyss:4)
  The ghost of retardedninja the Warrior, an adept MiFi of Gozag (Swamp:4)
  3 tentacled starspawn
  Frances (Swamp:2)
  9 death cobs
  11 storm dragons
  5 tengu reavers
  10 rockslimes
  6 nagarajas
  Donald (Crypt:2)
  6 shadow dragons
  5 revenants
  4 draconian monks
  4 narguns
  5 fenstrider witches
  6 draconian knights
  17 azure jellies
  4 iron dragons
  A demonspawn warmonger (Pan)
  10 frost giants
  2 quicksilver elementals
  19 fire giants
  3 curse skulls
  7 draconian scorchers
  3 deep elf sorcerers
  Louise (Snake:3)
  Aizul (Snake:2)
  24 vault wardens spectral the Serpent of Hell (Tomb:3)
  6 shard shrike simulacra
  A spectral caustic shrike (Tar:1)
  14 reapers
  43 balrugs
  19 ironbound preservers
  14 ghouls
  9 angels
  A caustic shrike zombie (Tomb:2)
  A spectral juggernaut (Tar:3)
  4 draconian shifters
  5 ghost moths
  7 deep elf elementalists (Elf:3)
  15 draconian stormcallers
  5 draconian annihilators
  9 war gargoyles
  4 demonspawn corrupters (Pan)
  3 apis (Pan)
  12 cacodemons (Pan)
  2 demonspawn blood saints (Pan)
  8 ironbound thunderhulks
  5 eleionomae
  3 orc warlords
  9 vampire knights
  Nessos (D:15)
  5 green draconians
  7 quicksilver oozes
  A broodmother (Zig:11)
  25 very ugly things
  14 stone giants
  3 demonspawn black suns (Pan)
  3 spectral titans
  6 ophanim (Pan)
  15 elemental wellsprings
  2 lorocyprocas (Pan)
  9 deep elf demonologists
  A minotaur (Gauntlet)
  11 yellow draconians
  6 bennus (Tomb:3)
  9 deep elf annihilators
  5 red draconians
  8 white draconians
  10 wendigos
  5 black draconians
  17 putrid mouths
  Snorg (D:13)
  4 bunyips
  8 deep elf death magi
  11 dire elephants
  2 spectral
  Hell Sentinels (Pan)
  12 spark wasps
  6 purple draconians
  4 eidola
  5 ettins
  4 merfolk javelineers
  5 green deaths (Pan)
  14 mummy priests
  A spectral wendigo (Pan)
  3 iron golems
  A shambling mangrove (Swamp:4)
  A spectral Ice Fiend (Pan)
  A spectral quicksilver dragon (Tar:4)
  8 yaktaur captains
  10 jiangshi
  5 deep elf high priests
  7 blizzard demons
  7 fire dragons
  13 great orbs of eyes
  6 entropy weavers
  4 merfolk impalers
  A spriggan zombie (Tomb:1)
  A fire dragon (shapeshifter) (Depths:4)
  2 spriggan air magi
  4 ice dragons
  2 spectral spriggans
  35 vault guards
  Erolcha (D:9)
  9 salamander tyrants
  8 juggernaut simulacra
  2 rakshasas
  A peacekeeper (Vaults:3)
  A quicksilver dragon skeleton (Tomb:1)
  14 stokers
  5 ogre magi
  A radroach (Zig:11)
  6 hell beasts
  8 caustic shrike simulacra
  A catoblepas (Lair:5)
  A ghost crab (Swamp:2)
  10 anacondas
  4 death knights
  8 hydras
  A jorogumo (Zig:11)
  8 ironbound frosthearts
  3 spriggan skeletons
  15 centaur warriors
  An alligator (shapeshifter) (Vaults:5)
  Erica (D:8)
  2 alligator snapping turtles (Zig:10)
  8 deep troll earth magi
  A spectral stone giant (Tar:4)
  36 dancing weapons
  7 boulder beetles
  2 tengu warriors
  8 death yaks
  32 death scarabs
  A deep troll shaman (Depths:2)
  4 merfolk aquamancers (Zig:10)
  9 alligators
  12 two-headed ogres
  19 hell hogs
  A spriggan berserker (Depths:2)
  A quicksilver ooze zombie (Crypt:2)
  An orc high priest (Zig:6)
  10 naga warriors
  3 shock serpents
  10 vampire magi
  6 holy swine (Pan)
  11 naga sharpshooters
  5 thrashing horrors
  2 titan zombies (Hell)
  A titan skeleton (Crypt:3)
  13 hell knights
  A spectral dire elephant (Tar:1)
  A spectral bunyip (Tar:1)
  21 soul eaters
  A storm dragon zombie (Zig:2)
  48 sun demons
  15 shadow wraiths
  Amaemon (Lair:3)
  A fire crab (shapeshifter) (Elf:2)
  An iron giant zombie (Crypt:1)
  2 crystal echidnas
  13 deep elf knights
  30 skeletal warriors
  4 goliath frogs
  4 wretched stars
  7 quicksilver dragon simulacra
  36 deep trolls
  9 cherubim (Pan)
  2 spriggan riders
  5 sea snakes
  7 salamander mystics
  5 iron trolls
  18 sixfirhies (Pan)
  3 spectral anacondas
  A death drake (shapeshifter) (Vaults:5)
  2 bunyip zombies
  A ghost moth zombie (Crypt:3)
  2 kraken simulacra (Coc:7)
  6 spriggan druids
  3 flayed ghosts
  10 bog bodies
  12 deep elf archers
  3 spriggan simulacra
  2 tengu zombies
  3 naga ritualists
  5 obsidian statues
  9 shadow demons
  3 swamp dragons
  3 glowing orange brains
  12 lindwurms
  16 wizards
  8 phantasmal warriors
  A fenstrider witch simulacrum (Coc:1)
  An orange crystal statue (Zig:11)
  A bunyip skeleton (Hell)
  23 ironbound convokers
  14 necromancers
  A steelbarb worm (Zig:11)
  9 harpies
  13 mana vipers
  30 ugly things
  2 orc sorcerers
  A shadow dragon skeleton (Crypt:1)
  2 oklob plants (Lair:5)
  35 deep elf pyromancers
  An eleionoma zombie (Crypt:2)
  9 shining eyes
  3 fire giant zombies (Hell)
  11 orc knights
  A will-o-the-wisp (Swamp:4)
  2 wolf spiders (Zig:11)
  3 manticores
  30 deep elf zephyrmancers
  15 salamanders
  11 cyclopes
  2 spectral centaurs (Tar:1)
  A draconian zombie (Tomb:1)
  A spectral alligator snapping turtle (Tar:1)
  3 stone giant zombies
  16 elephants
  3 death scarab zombies (Tomb:3)
  2 worldbinders
  A goliath frog skeleton (Crypt:3)
  2 merfolk sirens (Zig:10)
  2 elf zombies (Elf:3)
  7 rust devils
  2 centaur zombies
  19 moths of wrath
  5 titan simulacra
  5 apocalypse crabs
  21 black mambas
  14 naga magi
  2 ice statues (Zig:12)
  A frost giant skeleton (Vaults:2)
  3 molten gargoyles (Hell)
  4 demonic crawlers (Pan)
  A demonspawn zombie (Pan)
  2 guardian serpents (Snake:4)
  18 vault sentinels
  A torpor snail (Gauntlet)
  4 cane toads
  37 smoke demons
  An eye of devastation (Slime:3)
  20 orange demons
  An eye of devastation (shapeshifter) (Zot:2)
  Joseph (D:8)
  2 gargoyles
  3 centaur skeletons
  An unseen horror (shapeshifter) (D:15)
  2 grey draconian zombies
  10 efreet
  An alligator snapping turtle skeleton (Crypt:3)
  A red draconian zombie (Crypt:1)
  3 rime drakes
  15 hellions
  An unseen horror (D:13)
  5 anaconda simulacra
  A bunyip simulacrum (Coc:2)
  6 komodo dragons
  A tengu conjurer (D:15)
  41 yaktaurs
  4 spectral harpies
  6 spectral nagas
  A black draconian skeleton (Crypt:3)
  34 guardian mummies
  5 freezing wraiths
  10 tormentors
  4 ancient zymes
  A golden dragon simulacrum (Zig:8)
  A queen bee (Abyss:4)
  3 bloated husks (Swamp:1)
  3 silent spectres
  8 hellwings
  A harpy zombie (Hell)
  9 red devils
  4 polar bears
  5 merfolk (Zig:10)
  15 trolls
  3 iron giant simulacra
  A tengu simulacrum (Coc:1)
  7 hornets
  2 harpy skeletons
  A meliai (shapeshifter) (D:13)
  6 tyrant leeches
  2 ettin zombies
  2 tarantellas (Zig:11)
  A tarantella (shapeshifter) (Elf:3)
  A hydra skeleton (Hell)
  A culicivora zombie (Zig:11)
  8 dream sheep
  10 blink frogs
  A blink frog (shapeshifter) (Vaults:5)
  An iron dragon simulacrum (Coc:7)
  15 raiju (Abyss:1)
  A snapping turtle (Zig:10)
  A death drake skeleton (Crypt:3)
  89 slime creatures
  2 culicivoras
  A slime creature (shapeshifter) (Zot:2)
  A centaur simulacrum (D:15)
  3 stone giant simulacra
  19 ynoxinuls
  8 dire elephant simulacra
  25 large abominations
  18 flying skulls
  2 black mamba zombies
  3 air elementals
  A culicivora (shapeshifter) (Vaults:5)
  4 spriggans (Swamp:3)
  16 water elementals
  8 wraiths
  23 yaks
  14 vampires
  8 ushabtiu
  2 wyverns
  3 fire bats
  2 alligator snapping turtle simulacra
  2 basilisks (Lair:1)
  A fire elemental (Elf:2)
  A golden eye (shapeshifter) (D:13)
  20 neqoxecs
  A black mamba skeleton (Abyss:1)
  2 golden eyes (Pan)
  4 steam dragons
  Grum (D:11)
  24 chaos spawn
  A redback (Vaults:2)
  A swamp worm (shapeshifter) (Vaults:3)
  17 vampire mosquitoes
  14 harpy simulacra
  17 swamp worms
  2 wargs
  28 nagas
  8 water moccasins
  2 glowing shapeshifter zombies (Hell)
  5 hell hounds (Volcano)
  5 merfolk zombies (Zig:10)
  An acid dragon (D:8)
  A spectral smoke demon (Pan)
  9 two-headed ogre zombies
  An entropy weaver zombie (Crypt:2)
  3 floating eyes (Pan)
  A hydra simulacrum (Coc:4)
  A demonspawn skeleton (Crypt:1)
  A glowing shapeshifter skeleton (Crypt:3)
  A naga skeleton (Crypt:3)
  3 ice beasts
  39 orc warriors
  A swamp drake (Swamp:2)
  2 ettin simulacra
  A black bear (Lair:5)
  A hornet zombie (D:15)
  An ice beast (shapeshifter) (Depths:3)
  A fire dragon simulacrum (Abyss:1)
  27 ogres
  A boggart (D:14)
  A black mamba simulacrum (Coc:1)
  11 wolves
  11 centaurs
  A tengu (Abyss:4)
  A hog zombie (Crypt:1)
  12 starcursed masses (Abyss:1)
  A phantom (D:7)
  7 small abominations
  A swamp dragon skeleton (Hell)
  A spectral ogre (D:9)
  6 kobold brigands
  A salamander zombie (Snake:4)
  10 bullfrogs
  7 necrophages
  2 human zombies (Vaults:2)
  An earth elemental (Elf:1)
  4 naga simulacra
  4 gnoll sergeants
  3 scorpions (D:5)
  5 wights (WizLab)
  A cyclops skeleton (Crypt:2)
  5 troll zombies (WizLab)
  5 killer bees (D:10)
  2 yak zombies
  A swamp dragon simulacrum (Coc:1)
  7 electric eels
  7 vampire bats (Bailey)
  A raiju skeleton (Crypt:1)
  8 crimson imps (Pan)
  8 wolf zombies (Bailey)
  A bullfrog zombie (Crypt:3)
  4 hounds
  A quasit (Abyss:1)
  A wolf skeleton (Crypt:1)
  A gnoll bouda (D:7)
  17 orc priests
  A scorpion zombie (Crypt:1)
  A hell rat (Lair:2)
  4 iguanas
  15 orc wizards
  9 ogre zombies
  25 mummies
  2 spectral orcs (D:9)
  13 gnolls
  16 adders
  3 river rats (Lair:4)
  A shadow imp (Gauntlet)
  3 white imps
  3 ufetubi
  A worm zombie (Crypt:2)
  A jelly zombie (Crypt:3)
  23 orc zombies
  3 worms
  2 dart slugs
  64 orcs
  5 ball pythons
  5 bats
  8 endoplasms
  11 goblins
  8 hobgoblins
  14 kobolds
  3 quokkas
  4 frilled lizards
  A goblin zombie (Crypt:2)
  8 rats
  A river rat zombie (Crypt:2)
  A creeping inferno (Geh:6)
  27 fire vortices
  3 tentacles
3346 creatures vanquished.

Vanquished Creatures (collateral kills)
  Asmodeus (Geh:7)
  Gloorx Vloq (Pan)
  Lom Lobon (Pan)
  Mnoleg (Pan)
  Khufu (Tomb:3)
  An orb of fire (Zot:5)
  2 ancient liches
  A dread lich (Zot:5)
  2 juggernauts
  7 royal mummies
  3 pandemonium lords (Pan)
  6 shard shrikes
  Saint Roka (Vaults:1)
  3 Killer Klowns
  Xtahua (Depths:4)
  7 caustic shrikes
  Nikola (Swamp:4)
  Jory (Depths:4)
  A bone dragon (Depths:4)
  A doom hound (Tar:7)
  3 Tzitzimimeh
  5 Brimstone Fiends (Geh:7)
  3 iron giants
  7 Hell Sentinels
  3 Ice Fiends
  11 tentacled monstrosities
  2 hellephants
  5 Orb Guardians (Zot:5)
  3 liches
  6 searing wretches
  A titan (Coc:7)
  5 quicksilver dragons
  9 acid blobs
  A death cob (Zot:1)
  9 Executioners (Pan)
  A tentacled starspawn (Abyss:4)
  4 sphinxes
  16 ancient champions
  2 storm dragons
  An eldritch tentacle (Pan)
  5 shadow dragons
  2 draconian monks
  10 azure jellies
  A tengu reaver (Vaults:5)
  Agnes (Snake:2)
  6 narguns
  6 rockslimes
  A daeva (Pan)
  A nagaraja (Snake:4)
  2 fenstrider witches (Swamp:4)
  7 iron dragons
  4 quicksilver elementals
  7 fire giants
  A frost giant (Depths:2)
  8 balrugs
  2 vault wardens
  A ghost moth (Zot:2)
  A draconian scorcher (Zot:5)
  2 deep elf elementalists (Elf:3)
  A curse skull (Pan)
  7 very ugly things
  2 ghouls (Swamp:4)
  11 cacodemons (Pan)
  3 reapers (Pan)
  7 ironbound preservers
  2 draconian shifters
  2 angels
  5 quicksilver oozes
  An ophan (Pan)
  12 war gargoyles
  4 green draconians
  A demonspawn blood saint (Pan)
  4 stone giants
  3 purple draconians
  3 elemental wellsprings (Coc:3)
  A deep elf demonologist (Vaults:2)
  A red draconian (Zot:1)
  2 black draconians
  A demonspawn black sun (Pan)
  An eleionoma (Swamp:4)
  A bunyip (Swamp:3)
  A lorocyproca (Pan)
  4 spark wasps
  2 bennus (Tomb:3)
  3 wendigos
  2 white draconians
  3 yellow draconians
  A deep elf annihilator (Vaults:2)
  An eidolon (Tar:1)
  5 ettins
  9 iron golems
  5 mummy priests
  2 shambling mangroves (Swamp:4)
  4 yaktaur captains
  A spectral spriggan (Tar:3)
  3 deep elf high priests
  4 green deaths
  Harold (Lair:2)
  2 juggernaut simulacra
  2 salamander tyrants
  3 vault guards (Vaults:2)
  A spriggan skeleton (Pan)
  Fannar (D:12)
  5 hydras
  5 great orbs of eyes
  A spriggan air mage (Swamp:4)
  A starcursed mass (Abyss:1)
  2 centaur warriors
  A hell beast (Hell)
  A ghost crab (Swamp:4)
  A stoker (Geh:6)
  A boulder beetle (Vaults:3)
  An alligator snapping turtle (shapeshifter) (Vaults:5)
  An anaconda (Snake:2)
  2 bennu zombies (Tomb:3)
  A vampire mage (Depths:1)
  3 ogre magi
  An alligator (Swamp:4)
  2 deep troll earth magi
  A fenstrider witch skeleton (Pan)
  5 naga warriors
  10 two-headed ogres
  17 death scarabs
  A deep troll shaman (Depths:3)
  2 dancing weapons
  7 death yaks
  2 tengu warriors (Depths:2)
  2 spriggan berserkers
  3 hell hogs (Geh:2)
  8 hell knights
  A shock serpent (Snake:1)
  A deep elf knight (Elf:2)
  7 naga sharpshooters
  7 soul eaters
  7 sun demons (Pan)
  A salamander mystic (Snake:1)
  2 skeletal warriors
  4 crystal echidnas
  11 sixfirhies
  An iron troll (Depths:3)
  4 shadow wraiths
  An orb spider (Zig:11)
  A goliath frog (Swamp:1)
  A sea snake (Snake:2)
  9 deep trolls
  3 shadow demons (Pan)
  15 large abominations (Pan)
  A quicksilver dragon simulacrum (Coc:5)
  4 spriggan druids
  3 naga ritualists
  A wizard (Swamp:4)
  A spriggan simulacrum (Coc:7)
  2 deep elf archers
  2 swamp dragons
  An anaconda skeleton (Hell)
  A bog body (Swamp:2)
  3 necromancers
  An orc knight (Vaults:5)
  2 lindwurms (Vaults:1)
  A shadow dragon zombie (Hell)
  4 deep elf zephyrmancers
  3 phantasmal warriors
  An ugly thing zombie (Depths:4)
  4 deep elf pyromancers
  A mana viper (Snake:2)
  An ironbound convoker (Vaults:2)
  3 orc sorcerers
  A sphinx zombie (Vaults:2)
  A will-o-the-wisp (Swamp:2)
  An oklob plant (Lair:5)
  7 ugly things
  A cyclops (D:14)
  9 salamanders
  3 shining eyes
  8 black mambas
  4 moths of wrath
  A guardian serpent (Snake:1)
  4 vault sentinels
  A frost giant zombie (Hell)
  A rust devil (Depths:2)
  A torpor snail (Zig:11)
  3 eyes of devastation
  9 smoke demons (Pan)
  A storm dragon simulacrum (Coc:2)
  A naga mage (Snake:2)
  A titan simulacrum (Coc:3)
  8 elephants
  9 orange demons (Pan)
  4 centaur skeletons
  2 cane toads
  6 demonic crawlers (Pan)
  8 hellions
  An unseen horror (Pan)
  A spectral sun demon (Pan)
  A naga skeleton (Hell)
  A komodo dragon (Lair:3)
  3 alligator snapping turtle skeletons
  A tengu conjurer (D:15)
  An efreet (Pan)
  A spectral harpy (Tar:3)
  5 tormentors
  3 freezing wraiths
  An iron giant simulacrum (Coc:3)
  7 yaktaurs
  9 guardian mummies
  An anaconda simulacrum (Coc:1)
  2 tyrant leeches
  2 ice devils
  A troll (Orc:2)
  2 meliai (D:14)
  A red devil (Pan)
  4 blink frogs
  A hydra skeleton (Hell)
  A polar bear (Lair:5)
  A harpy skeleton (Tomb:3)
  A sphinx simulacrum (Zig:8)
  3 hellwings
  3 hornets
  4 dream sheep (Lair:5)
  47 slime creatures
  A vampire (D:14)
  3 spriggans
  2 water elementals
  A culicivora (Zig:11)
  2 dire elephant simulacra
  An ettin skeleton (Pan)
  2 wyverns
  A shadow (D:11)
  6 ynoxinuls (Pan)
  5 fire bats
  3 steam dragons
  7 chaos spawn
  8 yaks
  8 neqoxecs
  A golden eye (Slime:1)
  A spectral orange demon (Pan)
  A redback (Zig:11)
  A vampire mosquito (D:10)
  A swamp worm (Swamp:2)
  A glowing shapeshifter zombie (Hell)
  10 nagas
  6 harpy simulacra
  A floating eye (Pan)
  2 water moccasins
  A spectral red devil (Pan)
  2 spectral efreet (Pan)
  5 orc warriors
  An ice beast (Zig:8)
  An ettin simulacrum (Coc:3)
  A centaur (D:11)
  12 ogres
  2 wolves (Lair:5)
  A spectral chaos spawn (Pan)
  A kobold brigand (D:8)
  A human zombie (Vaults:2)
  A yak zombie (Lair:1)
  A howler monkey (D:9)
  A quasit (Abyss:1)
  2 orc priests
  An orc wizard (Orc:2)
  5 hell rats
  A naga zombie (Snake:4)
  7 mummies
  3 gnolls
  7 river rats (Lair:4)
  A shadow imp (Gauntlet)
  12 orcs
  2 kobolds (D:9)
  A river rat zombie (Lair:4)
  A rat (Lair:4)
  A bush (Lair:5)
  3 creeping infernos
  9 fire vortices
912 creatures vanquished.

Vanquished Creatures (others)
  A spectral seraph (Pan)
  A doom hound (Tar:4)
  4 shard shrike zombies
  A spectral Killer Klown (Zot:4)
  An eldritch tentacle (Pan)
  A spectral tengu (Vaults:2)
  3 ancient champions (Tar:4)
  A fire giant (Geh:5)
  A shard shrike simulacrum (Coc:3)
  4 caustic shrike zombies
  5 spectral tentacled monstrosities
  A spectral Tzitzimitl (Tar:3)
  4 doom hound zombies
  A juggernaut zombie (Dis:7)
  2 Killer Klown zombies (Zot:5)
  2 spectral sphinxes
  An eleionoma (Swamp:2)
  A wendigo (Coc:7)
  A spectral Hell Sentinel (Dis:7)
  A spectral orc (Vaults:3)
  7 very ugly thing zombies
  A deep elf death mage (Vaults:5)
  2 quicksilver dragon zombies
  4 acid blob zombies
  3 spectral Brimstone Fiends
  5 spectral Ice Fiends
  2 spectral lorocyprocas (Pan)
  A vault guard (Vaults:5)
  2 fenstrider witch zombies (Swamp:4)
  10 Orb Guardian zombies (Zot:5)
  An ogre mage (D:15)
  A bennu zombie (Tomb:3)
  2 caustic shrike simulacra
  A spectral death yak (Lair:3)
  3 spectral elves
  3 spectral Executioners
  A titan zombie (Coc:4)
  4 azure jelly zombies
  2 spectral ophans (Pan)
  18 spectral balrugs
  3 storm dragon zombies
  6 spectral sixfirhies (Pan)
  4 spectral wendigos
  A sixfirhy (Pan)
  2 spectral reapers
  2 tainted leviathan zombies
  2 anaconda zombies (Snake:4)
  A spectral angel (Zot:2)
  3 golden dragon zombies
  2 spark wasp zombies
  A ghost moth zombie (Zot:5)
  2 shadow dragon zombies
  A spectral human (Hell)
  A quicksilver dragon simulacrum (Coc:4)
  5 spectral cacodemons (Pan)
  A deep elf zephyrmancer (Elf:1)
  A spectral green death (Pan)
  2 wizards
  3 fire giant zombies
  7 hell hog zombies
  A wolf spider zombie (Zig:11)
  An apis zombie (Pan)
  A sphinx zombie (Vaults:2)
  An ironbound convoker (Vaults:5)
  A spectral holy swine (Pan)
  5 ugly thing zombies
  7 draconian zombies
  2 iron dragon zombies
  2 stone giant zombies
  A frost giant zombie (Vaults:2)
  12 death scarab zombies
  2 spectral blizzard demons
  3 demonspawn zombies (Pan)
  A shock serpent zombie (Snake:1)
  An orange demon (Pan)
  A molten gargoyle (Hell)
  3 spectral soul eaters
  2 sea snake zombies (Snake:2)
  17 spectral sun demons
  A bunyip simulacrum (Coc:1)
  A redback zombie (Vaults:2)
  3 yellow draconian zombies
  A black draconian zombie (Zot:5)
  2 green draconian zombies
  A swamp worm zombie (Swamp:4)
  An anaconda simulacrum (Coc:1)
  2 death yak zombies
  3 spectral shadow demons (Pan)
  2 merfolk zombies
  A demonic crawler zombie (Pan)
  4 mana viper zombies
  2 harpy zombies (Zig:10)
  2 fire dragon zombies (Depths:1)
  13 deep troll zombies
  2 spectral cherubs (Pan)
  A tarantella zombie (Elf:3)
  9 moth of wrath zombies
  A spectral floating eye (Pan)
  2 culicivora zombies
  An iron dragon simulacrum (Coc:1)
  2 ettin zombies (Vaults:5)
  2 great orb of eyes zombies
  A guardian serpent zombie (Snake:1)
  3 alligator zombies
  2 ice dragon zombies (Abyss:4)
  7 black mamba zombies
  22 slime creature zombies
  2 tyrant leech zombies
  A fire bat (Abyss:4)
  An alligator snapping turtle simulacrum (Coc:1)
  3 spectral hell beasts (Geh:5)
  A chaos spawn (Pan)
  2 spectral tormentors
  A spectral fire bat (Abyss:4)
  3 spectral orange demons
  8 spectral hellions
  3 fire bat zombies
  A cane toad zombie (Lair:5)
  2 tengu zombies
  3 two-headed ogre zombies (Orc:2)
  15 spectral smoke demons
  2 spectral hellwings (Pan)
  2 spectral red devils (Pan)
  An entropy weaver zombie (Zig:11)
  2 spectral efreet
  4 spectral shining eyes
  5 hornet zombies (Swamp:4)
  4 blink frog zombies
  A swamp dragon zombie (Swamp:2)
  A spectral eye of devastation (Zot:2)
  An ettin simulacrum (Tar:4)
  6 lindwurm zombies
  A manticore zombie (D:13)
  5 elephant zombies
  A spectral golden eye (D:13)
  32 elf zombies
  4 vampire mosquito zombies
  2 rime drake zombies
  6 spectral ynoxinuls
  5 spectral chaos spawn
  7 spectral neqoxecs
  12 salamander zombies
  17 yaktaur zombies
  3 cyclops zombies
  2 apocalypse crab zombies
  5 hell hound zombies (Volcano)
  A wyvern zombie (Lair:5)
  2 small abominations
  5 raiju zombies (Abyss:1)
  3 troll zombies
  5 spriggan zombies
  6 yak zombies
  3 wolf zombies
  11 centaur zombies
  3 bullfrog zombies
  42 human zombies
  12 ogre zombies
  An acid dragon zombie (D:8)
  An ice beast zombie (D:8)
  12 naga zombies
  A spectral quasit (Abyss:1)
  2 hell rat zombies
  A howler monkey zombie (D:9)
  4 spectral crimson imps (Pan)
  A spectral electric eel (Snake:2)
  A steam dragon zombie (Volcano)
  A spectral shadow imp (Gauntlet)
  8 gnoll zombies
  5 kobold zombies
  32 orc zombies
  4 fire vortices
  4 foxfires (Swamp:2)
  31 fungi
  2 pillars of salt (Zot:2)
  92 plants
  2 starspawn tentacles (Abyss:4)
  9 tentacles
802 creatures vanquished.

Grand Total: 5060 creatures vanquished

Notes
Turn   | Place    | Note
-------+----------+-------------------------------------------
     0 | D:1      | browni3141 the Draconian Hunter began the quest for the
                  | Orb.
     0 | D:1      | Reached XP level 1. HP: 17/17 MP: 1/1
    42 | D:1      | Reached skill level 1 in Stealth
   232 | D:1      | Reached XP level 2. HP: 24/24 MP: 2/2
   788 | D:2      | Reached XP level 3. HP: 28/29 MP: 3/3
  1189 | D:3      | Reached skill level 5 in Ranged Weapons
  1249 | D:3      | Reached XP level 4. HP: 28/36 MP: 4/4
  1781 | D:3      | Reached XP level 5. HP: 41/41 MP: 5/5
  2620 | D:5      | Entered Level 5 of the Dungeon
  2799 | D:5      | Reached XP level 6. HP: 39/48 MP: 6/6
  2873 | D:5      | Noticed a water moccasin
  2880 | D:5      | Killed a water moccasin
  3009 | D:5      | Your scales start taking on a glossy black colour.
  3009 | D:5      | Reached XP level 7. HP: 50/55 MP: 7/7
  3009 | D:5      | Gained mutation: You are resistant to electric shocks.
                  | (rElec) [Black Draconian growth]
  3052 | D:5      | Reached skill level 1 in Spellcasting
  4041 | D:5      | Reached skill level 1 in Air Magic
  4041 | D:5      | Reached XP level 8. HP: 41/61 MP: 12/12
  4805 | D:6      | Found a staircase to the Ecumenical Temple.
  5433 | Temple   | Entered the Ecumenical Temple
  5870 | Temple   | Became a worshipper of Yredelemnul the Dark
  6007 | D:7      | Reached skill level 5 in Air Magic
  6250 | D:7      | Found a stormy altar of Qazlal.
  6252 | D:7      | Found a hazy altar of Hepliaklqana.
  6418 | D:8      | Found Denkeiph's Assorted Antiques.
  6420 | D:8      | Bought a glowing cyan potion for 23 gold pieces
  6609 | D:8      | Noticed Joseph
  6788 | D:8      | Learned a level 3 spell: Swiftness
  6793 | D:8      | Learned a level 4 spell: Airstrike
  6875 | D:8      | Noticed Erica
  7092 | D:8      | Reached * piety under Yredelemnul
  7218 | D:9      | Reached XP level 9. HP: 67/67 MP: 13/13
  7238 | D:9      | Noticed Erolcha
  7272 | D:9      | Reached skill level 10 in Ranged Weapons
  7386 | D:9      | Found a staircase to the Lair.
  7390 | D:9      | Identified a scroll of acquirement
  7399 | D:9      | Acquired the +2 hat of Cuythrye {Will+ Dex+3}
  7548 | D:9      | Killed Erolcha
  7549 | D:9      | Reached skill level 5 in Invocations
  7634 | D:9      | Noticed a wizard
  7634 | D:9      | Noticed a centaur warrior
  8061 | D:8      | Reached XP level 10. HP: 80/80 MP: 14/14
  8334 | D:8      | Killed Joseph
  8615 | D:8      | Your ally Joseph died
  8629 | D:8      | Killed Erica
  8630 | D:8      | Reached skill level 5 in Fighting
  8630 | D:8      | Reached skill level 5 in Dodging
  8779 | D:10     | Entered Level 10 of the Dungeon
  8791 | D:10     | Found a flagged portal.
  8802 | Bailey   | Entered a bailey
  8929 | Bailey   | Noticed a gargoyle
  8955 | Bailey   | Killed a gargoyle
  9497 | D:10     | Noticed a gargoyle
  9516 | D:10     | Killed a gargoyle
 10025 | D:11     | Reached XP level 11. HP: 46/91 MP: 15/15
 10102 | D:11     | Noticed a boulder beetle
 10115 | D:11     | Killed a boulder beetle
 10535 | D:11     | Reached skill level 5 in Stealth
 10677 | D:11     | Noticed Grum
 10684 | D:11     | Killed Grum
 10688 | D:11     | Reached ** piety under Yredelemnul
 10872 | D:11     | Found a staircase to the Orcish Mines.
 11399 | Lair:1   | Entered Level 1 of the Lair of Beasts
 11711 | Lair:1   | You fall into a shaft and drop 1 floor!
 11988 | Lair:2   | Reached XP level 12. HP: 101/101 MP: 16/16
 12090 | Lair:2   | Reached *** piety under Yredelemnul
 12150 | Lair:2   | Noticed Harold
 12157 | Lair:2   | Killed Harold
 12166 | Lair:2   | Noticed a four-headed hydra
 12171 | Lair:2   | Your ally Harold died
 12173 | Lair:2   | Killed a four-headed hydra
 13488 | Lair:3   | Noticed a death yak
 13490 | Lair:3   | Noticed a death yak
 13492 | Lair:3   | Noticed a death yak
 13523 | Lair:3   | Found a gate leading to a gauntlet.
 13532 | Gauntlet | Entered a Gauntlet
 13532 | Gauntlet | Found a transporter.
 13532 | Gauntlet | Found a transporter.
 13543 | Gauntlet | Found a transporter.
 13545 | Gauntlet | Found a transporter.
 13556 | Gauntlet | Found a transporter.
 13563 | Gauntlet | Found a runed translucent door.
 13566 | Gauntlet | Found a transporter.
 13578 | Gauntlet | Noticed a seven-headed hydra
 13582 | Gauntlet | Found a transporter.
 13587 | Gauntlet | Found a transporter.
 13588 | Gauntlet | Found a transporter.
 13590 | Gauntlet | Found a transporter.
 13600 | Gauntlet | Found a transporter.
 13649 | Gauntlet | Found a transporter.
 13691 | Gauntlet | Gained mutation: Potions are less effective at restoring
                  | your health. [a neqoxec]
 13696 | Gauntlet | Gained mutation: You are dopey. (Int -2) [a neqoxec]
 13845 | Gauntlet | Killed a seven-headed hydra
 13871 | Gauntlet | Identified the amulet of Jutzil {Faith Str+3}
 13873 | Gauntlet | Identified the +1 helmet of Dyspraxia {Will+}
 13930 | Gauntlet | Identified the +6 arbalest "Arycrymo" {drain, rCorr}
 13930 | Gauntlet | Identified the +0 chain mail of Zealous Happiness {rPois
                  | Will- Str+9 Int-5}
 13930 | Gauntlet | Noticed a minotaur
 13943 | Gauntlet | Killed a minotaur
 13948 | Gauntlet | Identified the +1 robe "Kipoalol" {rPois rF+}
 13951 | Gauntlet | Got the Handbook of Evolution and Turbulence
 14054 | Lair:3   | Noticed a seven-headed hydra
 14054 | Lair:3   | Noticed an eight-headed hydra
 14084 | Lair:3   | Found a staircase to the Snake Pit.
 14164 | Lair:3   | Reached **** piety under Yredelemnul
 14193 | Lair:3   | Reached ***** piety under Yredelemnul
 14206 | Lair:3   | Reached ****** piety under Yredelemnul
 14281 | Lair:3   | Noticed a death yak
 14288 | Lair:3   | Killed a death yak
 14288 | Lair:3   | Enslaved a death yak
 14291 | Lair:3   | Killed a death yak
 14291 | Lair:3   | Killed a death yak
 14292 | Lair:3   | Reached XP level 13. HP: 107/107 MP: 8/19
 14403 | Lair:3   | Noticed Amaemon
 14412 | Lair:3   | Killed Amaemon
 15007 | Lair:3   | Found a staircase to the Swamp.
 15069 | Lair:4   | Reached skill level 10 in Dodging
 15174 | Lair:4   | Reached skill level 10 in Invocations
 15355 | Lair:4   | Reached skill level 15 in Ranged Weapons
 15364 | Lair:4   | Found a dark tunnel.
 15373 | Volcano  | Entered a volcano
 15580 | Volcano  | Noticed a fire dragon
 15594 | Volcano  | Gained mutation: Your large and strong wings let you fly.
                  | [Black Draconian growth]
 15594 | Volcano  | Reached XP level 14. HP: 115/115 MP: 21/21
 16115 | Lair:5   | Entered Level 5 of the Lair of Beasts
 16232 | Lair:5   | Found a staircase to the Slime Pits.
 16233 | Lair:5   | Found a viscous altar of Jiyva.
 16430 | Lair:5   | Found the +4 robe of Folly {Brill Will-∞ Int+8}
 16752 | Lair:5   | Lost mutation: You are dopey. (Int -2) [potion of mutation]
 16752 | Lair:5   | Lost mutation: Potions are less effective at restoring your
                  | health. [potion of mutation]
 16752 | Lair:5   | Gained mutation: You have a pair of small horns on your
                  | head. [potion of mutation]
 16752 | Lair:5   | Gained mutation: Your body sometimes deteriorates upon
                  | taking damage. [potion of mutation]
 17127 | Lair:5   | Learned a level 3 spell: Portal Projectile
 17292 | Orc:1    | Entered Level 1 of the Orcish Mines
 17313 | Orc:1    | Reached skill level 1 in Translocations
 17405 | Orc:1    | Reached skill level 1 in Hexes
 17418 | Orc:1    | Found Tizomaq's Gadget Gallery.
 17604 | Orc:2    | Entered Level 2 of the Orcish Mines
 17708 | Orc:2    | Found a staircase to the Elven Halls.
 17757 | Orc:2    | Reached XP level 15. HP: 104/121 MP: 17/22
 17772 | Orc:2    | Found Josmidu's General Store.
 17772 | Orc:2    | Found Cuompe Ekle's Magic Scroll Shop.
 17773 | Orc:2    | Found Ixop's Antique Armour Boutique.
 17773 | Orc:2    | Found Ucuaz's Antique Armour Shoppe.
 18676 | Orc:1    | Found Liefuzeisu's Magic Scroll Shop.
 18687 | Orc:1    | Bought a scroll of acquirement for 728 gold pieces
 18795 | Orc:2    | Bought a pair of boots for 112 gold pieces
 18803 | Orc:2    | Bought a +2 pair of gloves of strength for 387 gold pieces
 18803 | Orc:2    | Bought a scroll of enchant armour for 135 gold pieces
 18803 | Orc:2    | Bought a scroll of magic mapping for 135 gold pieces
 18850 | Orc:1    | Bought a scroll of enchant armour for 105 gold pieces
 18850 | Orc:1    | Bought a scroll of brand weapon for 133 gold pieces
 18850 | Orc:1    | Bought a scroll of silence for 133 gold pieces
 18850 | Orc:1    | Bought a scroll of amnesia for 56 gold pieces
 18850 | Orc:1    | Bought a scroll of magic mapping for 105 gold pieces
 18910 | Orc:2    | Acquired 908 gold pieces
 18913 | Orc:2    | Acquired the +8 longbow "Zephyr" {speed, Dex+3 SInv}
 18913 | Orc:2    | Found the +8 longbow "Zephyr" {speed, Dex+3 SInv}
 18916 | Orc:2    | Acquired 476 gold pieces
 18918 | Orc:2    | Acquired 1265 gold pieces
 18926 | Orc:2    | Acquired the +1 pair of boots of the Forsaken Shrikes {rF+}
 19154 | Snake:1  | Entered Level 1 of the Snake Pit
 20384 | Snake:2  | Noticed Agnes
 20532 | Snake:2  | Noticed Aizul
 20543 | Snake:2  | Killed Aizul
 20797 | Snake:2  | Killed Agnes
 21026 | Snake:2  | Noticed Asterion
 21040 | Snake:2  | Killed Asterion
 21040 | Snake:2  | Enslaved Asterion
 21046 | Snake:2  | Noticed Vashnia
 21196 | Snake:2  | Killed Vashnia
 21197 | Snake:2  | Reached XP level 16. HP: 51/128 MP: 9/25
 22003 | Snake:2  | Noticed Jorgrun
 22014 | Snake:2  | Killed Jorgrun
 22014 | Snake:2  | Enslaved Jorgrun
 23189 | Snake:3  | Reached skill level 5 in Translocations
 23257 | Snake:3  | Reached skill level 5 in Hexes
 23888 | Snake:3  | Noticed Louise
 23931 | Snake:3  | Killed Louise
 24245 | Snake:4  | Entered Level 4 of the Snake Pit
 25037 | Snake:4  | Reached XP level 17. HP: 122/134 MP: 7/26
 25608 | Snake:4  | Noticed a quicksilver dragon
 25611 | Snake:4  | Killed a quicksilver dragon
 25612 | Snake:4  | Noticed a quicksilver dragon
 25617 | Snake:4  | Killed a quicksilver dragon
 25907 | Snake:4  | Got a serpentine rune of Zot
 26106 | Swamp:1  | Entered Level 1 of the Swamp
 27338 | Swamp:2  | Got Qixoenen's Quarto of Cryomancy
 27499 | Swamp:2  | Noticed Frances
 27511 | Swamp:2  | Killed Frances
 27694 | Swamp:2  | Identified the +8 long sword "Fuuzxosku" {freeze, rC+}
 28227 | Swamp:3  | Reached skill level 10 in Fighting
 28577 | Swamp:4  | Entered Level 4 of the Swamp
 28577 | Swamp:4  | Noticed Nikola
 28651 | Swamp:4  | Killed Nikola
 28690 | Swamp:4  | Noticed a tentacled monstrosity
 29299 | Swamp:4  | Reached XP level 18. HP: 149/149 MP: 15/28
 29716 | Swamp:4  | Got a decaying rune of Zot
 29862 | Swamp:4  | Killed a tentacled monstrosity
 29872 | Swamp:4  | Reached skill level 5 in Evocations
 29918 | Swamp:4  | Found a runed translucent door.
 29919 | Swamp:4  | Noticed retardedninja's ghost (adept MiFi)
 30406 | Swamp:4  | Killed retardedninja's ghost
 30891 | D:12     | Noticed Fannar
 30898 | D:12     | Killed Fannar
 31973 | D:12     | Found Cacvur's Magic Scroll Shop.
 31981 | D:12     | Bought a scroll of blinking for 112 gold pieces
 31981 | D:12     | Bought a scroll of fear for 60 gold pieces
 31981 | D:12     | Bought a scroll of fog for 60 gold pieces
 31981 | D:12     | Bought a scroll of teleportation for 45 gold pieces
 32513 | D:13     | Found the +3 robe of Clouds {*Thunder rCloud rElec}
 32990 | D:13     | Noticed Snorg
 32998 | D:13     | Killed Snorg
 33154 | D:13     | Found a gate to the Vaults.
 33967 | D:14     | Found a transporter.
 34656 | D:14     | Reached skill level 15 in Invocations
 34680 | D:14     | Found a transporter.
 34722 | D:14     | Reached XP level 19. HP: 122/160 MP: 0/30
 34773 | D:14     | Identified the ring "Nawoaj" {rN+ Dex+3}
 34788 | D:14     | Identified the ring of Xeekaol {Ice rElec rN+++ Int+3
                  | Dex-3}
 34891 | D:14     | Acquired the ring "Kuenont" {Will- MP+9 Str+6 Slay+5}
 35188 | D:15     | Entered Level 15 of the Dungeon
 35233 | D:15     | Noticed Nessos
 35239 | D:15     | Killed Nessos
 35271 | D:15     | Your ally Nessos died
 35573 | D:15     | Found Qiarhail's Overcharged Wands.
 35604 | D:15     | Found Nuutsua's Jewellery Emporium.
 35612 | D:15     | Bought the ring of Greed {rPois rN++ EV+5} for 807 gold
                  | pieces
 35962 | D:15     | Found a staircase to the Depths.
 36255 | Elf:1    | Entered Level 1 of the Elven Halls
 36682 | Elf:1    | Noticed a Brimstone Fiend
 36782 | Elf:1    | Got the Quarto of the Band
 37399 | Elf:2    | Learned a level 1 spell: Apportation
 37403 | Elf:2    | Learned a level 3 spell: Vhi's Electric Charge
 37407 | Elf:2    | Learned a level 3 spell: Inner Flame
 37491 | Elf:2    | Reached skill level 1 in Fire Magic
 38110 | Elf:2    | Found a runed translucent gate.
 38110 | Elf:2    | Found a runed translucent gate.
 38110 | Elf:2    | Found a runed translucent gate.
 38833 | Elf:3    | Entered Level 3 of the Elven Halls
 38961 | Elf:3    | Reached XP level 20. HP: 137/166 MP: 9/32
 39411 | Elf:3    | Paralysed by an air elemental for 1 turns
 39495 | Elf:3    | Found Zinix's Jewellery Shop.
 39509 | Elf:3    | Bought the necklace of Bloodlust {Fury *Rage Will++ Int-3
                  | Slay+6} for 770 gold pieces
 39509 | Elf:3    | Found the necklace of Bloodlust {Fury *Rage Will++ Int-3
                  | Slay+6}
 39801 | Elf:3    | Identified the +3 great mace of Objectivity {flame, Drain
                  | rF++ Will+ Int+3}
 40207 | Elf:3    | Identified the +5 dire flail of Umaun {flame, rF+ Str+4}
 40211 | Elf:3    | Identified the +7 flail of Articulation {freeze, rElec
                  | Will+ SInv}
 40231 | Elf:3    | Identified the +5 plate armour of Dithmenos {Will- Str+3
                  | Int+6}
 40232 | Elf:3    | Identified the amulet of Pyromania {Acrobat rElec rF++
                  | Str-2 Dex+2}
 40922 | Elf:3    | Got the Writings on Airy Open Graves
 41331 | Depths:1 | Entered Level 1 of the Depths
 41334 | Depths:1 | Found a gateway to Hell.
 41423 | Depths:1 | Reached skill level 15 in Dodging
 41650 | Depths:1 | You are sucked into a shaft and drop 1 floor!
 42443 | Depths:2 | Found a one-way gate leading to the halls of Pandemonium.
 43791 | Depths:1 | Found Jimah's Antique Weapon Shop.
 43796 | Depths:1 | Found Erul's Book Shop.
 43797 | Depths:1 | Found Uclek's Armour Shop.
 43802 | Depths:1 | Found Akojeic's Book Shop.
 43842 | Depths:1 | Paralysed by an air elemental for 1 turns
 43843 | Depths:1 | Noticed Sojobo
 44046 | Depths:1 | Killed Sojobo
 44046 | Depths:1 | Enslaved Sojobo
 44586 | Hell     | Entered the Vestibule of Hell
 44693 | Depths:3 | Reached XP level 21. HP: 168/174 MP: 33/35
 44773 | Depths:3 | Found a one-way gateway to a ziggurat.
 44791 | Depths:3 | Noticed a juggernaut
 44798 | Depths:3 | Noticed a juggernaut
 44806 | Depths:3 | Killed a juggernaut
 44814 | Depths:3 | Noticed a caustic shrike
 44824 | Depths:3 | Killed a caustic shrike
 44830 | Depths:3 | Found a one-way gate to the infinite horrors of the Abyss.
 44835 | Depths:3 | Killed a juggernaut
 44857 | Depths:3 | Found a magical portal.
 44869 | WizLab   | Entered Zonguldrok's Shrine
 45233 | WizLab   | Noticed an antique lich
 45244 | WizLab   | Killed an antique lich
 45273 | WizLab   | Found the +9 sword of Zonguldrok {reap}
 45277 | WizLab   | Got the Dissertation on the Posthumous Icicle
 45306 | WizLab   | Got the Commentary on Vicissitude and the Coward
 46182 | Depths:3 | Found a blossoming altar of Fedhas.
 46285 | Depths:3 | Identified the +3 kite shield of Hiadd {rElec}
 46571 | Depths:4 | Entered Level 4 of the Depths
 46589 | Depths:4 | Noticed Xtahua
 46595 | Depths:4 | Noticed Jory
 46603 | Depths:4 | Killed Xtahua
 46618 | Depths:4 | Killed Jory
 47400 | Depths:4 | Reached XP level 22. HP: 144/181 MP: 2/38
 47721 | Depths:4 | Noticed a golden dragon
 47746 | Depths:4 | Killed a golden dragon
 47747 | Depths:4 | Found a gate to the Realm of Zot.
 48278 | Slime:1  | Entered Level 1 of the Pits of Slime
 50443 | Slime:5  | Entered Level 5 of the Pits of Slime
 50750 | Slime:5  | Noticed the Royal Jelly
 50757 | Slime:5  | Killed the Royal Jelly
 51014 | Slime:5  | Identified the +11 trident of Keadeemp {flame, rC- Dex+3
                  | Stlth+}
 51020 | Slime:5  | Identified the +2 pair of boots "Plog" {Regen+ Int+4
                  | Stlth-}
 51052 | Slime:5  | Identified the ring "Cahittuka" {Fly rN+ Int+6}
 51057 | Slime:5  | Identified the +8 short sword of the Forest {heavy, rPois
                  | rCorr Int+6 Dex-5}
 51098 | Slime:5  | Identified the +4 spear of Kehue {heavy, rN+ Will+}
 51114 | Slime:5  | Identified the +1 helmet of Trial and Error {Regen+ Slay+2}
 51121 | Slime:5  | Identified the +3 battleaxe of the Freezing Oracle {heavy,
                  | rF+ Dex+2}
 51158 | Slime:5  | Got a slimy rune of Zot
 51820 | Vaults:1 | Entered Level 1 of the Vaults
 51840 | Vaults:1 | Reached XP level 23. HP: 175/192 MP: 37/39
 52391 | Vaults:1 | Found Zoetwu's General Store.
 52399 | Vaults:1 | Bought a scroll of teleportation for 42 gold pieces
 52399 | Vaults:1 | Bought a potion of cancellation for 112 gold pieces
 53045 | Vaults:1 | Noticed Saint Roka
 53060 | Vaults:1 | Killed Saint Roka
 53825 | Vaults:1 | Learned a level 2 spell: Blink
 53829 | Vaults:1 | Learned a level 3 spell: Teleport Other
 54998 | Vaults:2 | Found Feybiex's Armour Boutique.
 55016 | Vaults:2 | Identified the +2 robe "Syxtu" {Will+ Dex+3}
 55164 | Vaults:2 | Your ally Sojobo died
 55208 | Vaults:2 | Identified the +11 dagger "Rapleor" {heavy, rPois rF+}
 55491 | Vaults:2 | Reached XP level 24. HP: 203/203 MP: 9/40
 56364 | Vaults:3 | Found a staircase to the Crypt.
 56890 | Vaults:3 | Reached skill level 10 in Evocations
 57338 | Vaults:3 | Identified the ring of Ashenzari's Wrath {Fire MP-9 Str+4
                  | Int+2 Slay+2}
 58960 | Vaults:4 | Found Jymnich's Armour Boutique.
 59295 | Vaults:4 | Reached skill level 10 in Stealth
 59454 | Vaults:4 | Reached skill level 15 in Fighting
 59518 | Vaults:5 | Entered Level 5 of the Vaults
 59534 | Vaults:5 | Reached skill level 27 in Invocations
 59564 | Vaults:5 | Identified the ring of Piqedaf {Fly rCorr Int+2}
 60208 | Vaults:5 | Identified the +5 war axe "Usithraxa" {freeze, rN++}
 60311 | Vaults:5 | Reached XP level 25. HP: 212/214 MP: 40/40
 60341 | Vaults:5 | Found Hetefet's Armour Shoppe.
 60354 | Vaults:5 | Identified the ring of Xom's Wantonness {Fly rC+ rN+ Int+3}
 60403 | Vaults:5 | Identified the +1 quarterstaff of Light {heavy, *Rage
                  | *Corrode Dex+4 SInv}
 60518 | Vaults:5 | Got a silver rune of Zot
 61102 | Vaults:5 | Noticed a dread lich
 61112 | Vaults:5 | Killed a dread lich
 61518 | Vaults:5 | Noticed an ancient lich
 61528 | Vaults:5 | Killed an ancient lich
 62535 | Depths:3 | Voluntarily entered the Abyss.
 62553 | Abyss:1  | Found a corrupted altar of Lugonu.
 62574 | Abyss:1  | Found a corrupted altar of Lugonu.
 62607 | Abyss:1  | Found a corrupted altar of Lugonu.
 63458 | Abyss:1  | Found a corrupted altar of Lugonu.
 63581 | Abyss:2  | Found a corrupted altar of Lugonu.
 63807 | Abyss:4  | Paralysed by you for 4 turns
 63821 | Abyss:4  | Got an abyssal rune of Zot
 63845 | Depths:3 | Escaped the Abyss
 64004 | Zot:1    | Entered Level 1 of the Realm of Zot
 64294 | Zot:1    | Noticed an orb of fire
 64307 | Zot:1    | Killed an orb of fire
 64776 | Zot:1    | You are sucked into a shaft and drop 1 floor!
 64833 | Zot:2    | Reached XP level 26. HP: 206/227 MP: 40/40
 64868 | Zot:2    | Found a shimmering altar of Xom.
 64868 | Zot:2    | Found a shimmering altar of Xom.
 64868 | Zot:2    | Found a shimmering altar of Xom.
 64868 | Zot:2    | Found a shimmering altar of Xom.
 64868 | Zot:2    | Found a glowing silver altar of Zin.
 64868 | Zot:2    | Found a shimmering altar of Xom.
 66299 | Zot:3    | Found a transporter.
 66300 | Zot:3    | Found a transporter.
 66303 | Zot:3    | Found a transporter.
 66304 | Zot:3    | Found a transporter.
 66366 | Zot:3    | Identified the +0 mace of Indomitability {heavy, rElec
                  | Str+3 Dex+6}
 69001 | Zot:5    | Entered Level 5 of the Realm of Zot
 69051 | Zot:5    | Acquired Great Wizards, Vol. VII
 69058 | Zot:5    | Learned a level 4 spell: Passage of Golubria
 69964 | Zot:5    | Noticed an ancient lich
 69974 | Zot:5    | Killed an ancient lich
 69978 | Zot:5    | Reached skill level 10 in Translocations
 70039 | Zot:5    | Reached XP level 27. HP: 211/240 MP: 8/40
 70057 | Zot:5    | Noticed an orb of fire
 70065 | Zot:5    | Gained mutation: You occasionally lose the ability to drink
                  | potions when taking damage. [an orb of fire]
 70070 | Zot:5    | Killed an orb of fire
 70204 | Zot:5    | Noticed an orb of fire
 70237 | Zot:5    | Killed an orb of fire
 70248 | Zot:5    | Noticed a dread lich
 70248 | Zot:5    | Noticed a dread lich
 70273 | Zot:5    | Killed a dread lich
 70289 | Zot:5    | Killed a dread lich
 70539 | Zot:5    | Identified the +10 short sword "Feemepto" {elec, *Corrode
                  | rN++ Int+2}
 70652 | Zot:5    | Learned a level 5 spell: Silence
 71076 | Crypt:1  | Entered Level 1 of the Crypt
 71265 | Crypt:1  | Noticed Boris
 71273 | Crypt:1  | Killed Boris
 71915 | Crypt:1  | You are sucked into a shaft and drop 1 floor!
 71979 | Crypt:2  | Reached skill level 10 in Air Magic
 72129 | Crypt:2  | Noticed Donald
 72141 | Crypt:2  | Killed Donald
 72843 | Crypt:3  | Entered Level 3 of the Crypt
 73166 | Crypt:3  | Identified the +7 war axe of Eternal Harmony {freeze, Int+3
                  | Dex+2}
 73412 | Crypt:3  | Found a staircase to the Tomb.
 73620 | Crypt:3  | Reached skill level 15 in Air Magic
 73738 | Crypt:3  | Found a basalt altar of Yredelemnul.
 73738 | Crypt:3  | Found an ancient bone altar of Kikubaaqudgha.
 73847 | Crypt:3  | Found the +8 lance "Wyrmbane" {slay drac, rPois rF+ rC+
                  | AC+3}
 73901 | Crypt:3  | Got the Quarto of Misery
 74101 | Crypt:3  | Reached skill level 15 in Evocations
 74223 | Tomb:1   | Entered Level 1 of the Tomb of the Ancients
 74361 | Tomb:1   | Noticed a royal mummy
 74389 | Tomb:1   | Killed a royal mummy
 75134 | Tomb:1   | Noticed a royal mummy
 75147 | Tomb:1   | Killed a royal mummy
 75280 | Tomb:1   | Reached skill level 5 in Spellcasting
 75347 | Tomb:1   | Noticed a royal mummy
 75352 | Tomb:1   | Killed a royal mummy
 75556 | Tomb:1   | Noticed Boris
 75569 | Tomb:1   | Killed Boris
 76003 | Hell     | Noticed Geryon
 76079 | Hell     | Killed Geryon
 76343 | Hell     | Found a gateway to the ashen valley of Gehenna.
 76986 | Hell     | Found a gateway to the decaying netherworld of Tartarus.
 77220 | Hell     | Found a gateway to the freezing wastes of Cocytus.
 77354 | Hell     | Found a gateway to the Iron City of Dis.
 77522 | Pan      | Entered Pandemonium
 77596 | Pan      | Found an exit through the horrors of the Abyss.
 78677 | Pan      | Noticed Nyzitt the pandemonium lord
 78733 | Pan      | Killed Nyzitt the pandemonium lord
 78734 | Pan      | Reached skill level 15 in Stealth
 78749 | Pan      | Identified the ring "Teg Pib" {Fly rN++ MP-9 Int+5}
 79210 | Pan      | Found an exit through the horrors of the Abyss.
 79358 | Pan      | Lost mutation: You occasionally lose the ability to drink
                  | potions when taking damage. [potion of mutation]
 79358 | Pan      | Lost mutation: You have a pair of small horns on your head.
                  | [potion of mutation]
 79358 | Pan      | Gained mutation: You have very sharp teeth. [potion of
                  | mutation]
 79358 | Pan      | Gained mutation: You are partially covered in large bone
                  | plates. (SH +4) [potion of mutation]
 79358 | Pan      | Gained mutation: Your tail ends in a venomous barb. [potion
                  | of mutation]
 79622 | Pan      | Noticed Reast the pandemonium lord
 80651 | Pan      | Noticed Runageu the pandemonium lord
 80666 | Pan      | Killed Runageu the pandemonium lord
 80910 | Pan      | Noticed Ukomid the pandemonium lord
 80920 | Pan      | Killed Ukomid the pandemonium lord
 80993 | Pan      | Found an exit through the horrors of the Abyss.
 81026 | Pan      | Entered the realm of Cerebov.
 81655 | Pan      | Identified the amulet of Bumakeci {RegenMP rElec Int-4
                  | Dex+6}
 81862 | Pan      | Got Sif Muna's Guide on Injury and Contaminants
 81877 | Pan      | Identified the ring of Eternal Night {Wiz Int+3}
 82311 | Pan      | Identified the amulet "Feyr" {Acrobat rElec rF+ Stlth+}
 82448 | Pan      | Found the +6 sword of Cerebov {flame}
 82448 | Pan      | Noticed Cerebov
 82980 | Pan      | Got a fiery rune of Zot
 83450 | Pan      | Identified the ring of Irenouv {Contam +Blink Fly Str+2}
 83450 | Pan      | Noticed a seraph
 83483 | Pan      | Killed a seraph
 83483 | Pan      | Enslaved a seraph
 83489 | Pan      | Found a glowing golden altar of the Shining One.
 83540 | Pan      | Identified the ring of the Yeti {rPois Str+3}
 83542 | Pan      | Got a demonic rune of Zot
 83549 | Pan      | Got Woewn's Quarto of the Vapourous Shot
 83586 | Pan      | Identified the +5 tower shield "Acsatzol" {rN+ Will+ rCorr}
 83658 | Pan      | Identified the +0 tower shield "Xouloph" {Fly rC+ Str-5}
 83665 | Depths:2 | Escaped Pandemonium
 84018 | Orc:2    | Bought a scroll of teleportation for 36 gold pieces
 84018 | Orc:2    | Bought a scroll of teleportation for 36 gold pieces
 84018 | Orc:2    | Bought a scroll of teleportation for 36 gold pieces
 84018 | Orc:2    | Bought a scroll of butterflies for 48 gold pieces
 84018 | Orc:2    | Bought a scroll of vulnerability for 48 gold pieces
 84018 | Orc:2    | Bought a scroll of vulnerability for 48 gold pieces
 84346 | Pan      | Entered Pandemonium
 84485 | Pan      | Noticed Neich the pandemonium lord
 84508 | Pan      | Killed Neich the pandemonium lord
 84999 | Pan      | Gained mutation: You are vulnerable to heat. (rF-) [a
                  | cacodemon]
 85034 | Pan      | Lost mutation: You are partially covered in large bone
                  | plates. (SH +4) [a cacodemon]
 85097 | Pan      | Noticed Fadin the pandemonium lord
 85137 | Pan      | Lost mutation: You are vulnerable to heat. (rF-) [potion of
                  | mutation]
 85137 | Pan      | Lost mutation: You have very sharp teeth. [potion of
                  | mutation]
 85137 | Pan      | Gained mutation: Your flesh is cold resistant. (rC+)
                  | [potion of mutation]
 85413 | Pan      | Noticed Ignacio
 85545 | Pan      | Noticed Noeclod the pandemonium lord
 85558 | Pan      | Killed Noeclod the pandemonium lord
 85878 | Pan      | Found an exit through the horrors of the Abyss.
 86353 | Pan      | Killed Ignacio
 86353 | Pan      | Enslaved Ignacio
 86383 | Pan      | Noticed Lumudore the pandemonium lord
 86392 | Pan      | Killed Lumudore the pandemonium lord
 86404 | Pan      | Entered the realm of Lom Lobon.
 86473 | Pan      | Identified the +6 scale mail of Experimentation {rF- Int+3
                  | SInv}
 86531 | Pan      | Noticed Lom Lobon
 86551 | Pan      | Killed Lom Lobon
 86562 | Pan      | Got a magical rune of Zot
 86682 | Pan      | Entered the realm of Mnoleg.
 86841 | Pan      | Noticed Mnoleg
 86878 | Pan      | Killed Mnoleg
 86905 | Pan      | Got a glowing rune of Zot
 86972 | Pan      | Identified the +7 short sword "Beryot" {freeze, rElec
                  | Will++ Str-4 Dex+2}
 87221 | Pan      | Entered the realm of Gloorx Vloq.
 87417 | Pan      | Noticed Gloorx Vloq
 87421 | Pan      | Killed Gloorx Vloq
 87435 | Pan      | Got a dark rune of Zot
 87602 | Pan      | Noticed Xepsiyseru the pandemonium lord
 87720 | Pan      | Killed Xepsiyseru the pandemonium lord
 87782 | Depths:2 | Escaped Pandemonium
 88011 | Depths:1 | Bought a There-And-Back Book for 420 gold pieces
 88068 | Depths:3 | Learned a level 6 spell: Dispersal
 88574 | Dis:1    | Entered Level 1 of the Iron City of Dis
 89396 | Dis:5    | You are sucked into a shaft and drop 1 floor!
 89643 | Dis:7    | Entered Level 7 of the Iron City of Dis
 89825 | Dis:7    | Noticed a juggernaut
 89840 | Dis:7    | Killed a juggernaut
 90247 | Dis:7    | Noticed a juggernaut
 90250 | Dis:7    | Killed a juggernaut
 90431 | Dis:7    | Reached skill level 15 in Translocations
 90791 | Dis:7    | Found the +4 staff of Dispater
 90791 | Dis:7    | Noticed Dispater
 90793 | Dis:7    | Found the +12 glaive of Prune {freeze, Prune}
 90802 | Dis:7    | Killed Dispater
 90820 | Dis:7    | Found the +7 lajatang of Order {silver, rMut}
 90825 | Dis:7    | Got an iron rune of Zot
 90827 | Dis:7    | Identified the +4 halberd of Disuesch {speed, rF+}
 91725 | Geh:1    | Entered Level 1 of Gehenna
 93265 | Geh:7    | Entered Level 7 of Gehenna
 94036 | Geh:7    | Found the +7 sceptre of Asmodeus
 94036 | Geh:7    | Noticed Asmodeus
 94059 | Geh:7    | Killed Asmodeus
 94082 | Geh:7    | Got an obsidian rune of Zot
 94477 | Geh:7    | Found the +0 pair of fencer's gloves {Riposte Dex+3}
 95088 | Vaults:5 | Identified the +2 leather armour of the Equator {Rampage
                  | rC++ MP+9 Dex+3}
 96466 | Coc:1    | Entered Level 1 of Cocytus
 96999 | Coc:2    | Noticed a dread lich
 97209 | Coc:2    | Killed a dread lich
 97271 | Coc:3    | Paralysed by a wendigo for 1 turns
 97510 | Coc:4    | Your ally Ignacio died
 97878 | Coc:5    | Noticed an ancient lich
 97883 | Coc:5    | Killed an ancient lich
 98280 | Coc:7    | Entered Level 7 of Cocytus
 98763 | Coc:7    | Paralysed by a wendigo for 1 turns
 98768 | Coc:7    | Identified the +4 halberd of Xihibace {protect, rF+ rC-
                  | Stlth+}
 98768 | Coc:7    | Noticed Antaeus
 98807 | Coc:7    | Killed Antaeus
 98807 | Coc:7    | Enslaved Antaeus
 99007 | Coc:7    | Got an icy rune of Zot
 99189 | Tar:1    | Entered Level 1 of Tartarus
 99450 | Tar:1    | Reached skill level 27 in Fighting
100008 | Tar:3    | Noticed a dread lich
100008 | Tar:3    | Noticed a dread lich
100008 | Tar:3    | Noticed an ancient lich
100008 | Tar:3    | Noticed a dread lich
100008 | Tar:3    | Noticed a dread lich
100157 | Tar:3    | Killed an ancient lich
100178 | Tar:3    | Killed a dread lich
100428 | Tar:3    | Killed a dread lich
100462 | Tar:3    | Paralysed by a dread lich for 4 turns
100480 | Tar:3    | Killed a dread lich
100747 | Tar:3    | Killed a dread lich
101180 | Zig:1    | Entered Level 1 of a ziggurat
101201 | Zig:1    | Identified the +1 long sword of Idiuf {antimagic, Str+2}
101216 | Zig:2    | Entered Level 2 of a ziggurat
101308 | Zig:3    | Entered Level 3 of a ziggurat
101483 | Zig:4    | Entered Level 4 of a ziggurat
101519 | Zig:5    | Entered Level 5 of a ziggurat
101564 | Zig:5    | Identified the amulet of Dueko {Acrobat Harm Rampage Str+7
                  | Int+2}
101576 | Zig:6    | Entered Level 6 of a ziggurat
101647 | Zig:6    | Acquired 595 gold pieces
101650 | Zig:7    | Entered Level 7 of a ziggurat
101719 | Zig:7    | Identified the amulet of Ysuzavog {RegenMP +Blink Dex+2}
101834 | Zig:8    | Entered Level 8 of a ziggurat
101883 | Zig:8    | Identified the amulet of Uffojut {Faith rC+ Int+3 Dex+2}
101884 | Zig:8    | Identified the +2 robe of the Dolphin {-Cast Dex+4 Slay+3
                  | Stlth+}
101922 | Zig:9    | Entered Level 9 of a ziggurat
101950 | Zig:9    | Noticed a dread lich
101968 | Zig:9    | Killed a dread lich
101999 | Zig:9    | Identified the ring "Roypir" {rPois Str+3 Int+2 Stlth+}
102000 | Zig:9    | Identified the ring "Woato" {AC+4 Dex+5 Slay-3}
102089 | Zig:10   | Entered Level 10 of a ziggurat
102298 | Zig:10   | Found the ring of the Hare {EV+10}
102315 | Zig:10   | Got Kury's Discursus on Snow
102329 | Zig:11   | Entered Level 11 of a ziggurat
102495 | Zig:11   | Found the ring of the Octopus King
102504 | Zig:11   | Identified a ring of the Octopus King {HP+2 AC+2 EV+2 SH+2
                  | SInv}
102507 | Zig:11   | Identified the ring "Penaso Genae" {rC++ rN+++ Str-5 Int+6
                  | Stlth+}
102519 | Zig:12   | Entered Level 12 of a ziggurat
102650 | Zig:12   | Noticed Nilorphush the pandemonium lord
102659 | Zig:12   | Noticed Pagumopt the pandemonium lord
102681 | Zig:12   | Noticed Duzarch the pandemonium lord
102682 | Zig:12   | Found the +5 glaive of the Guard {elec, spectral, AC+5}
103466 | Tar:4    | Reached skill level 27 in Stealth
103739 | Tar:4    | You are sucked into a shaft and drop 2 floors!
103744 | Tar:7    | Entered Level 7 of Tartarus
104569 | Tar:7    | Noticed an ancient lich
104572 | Tar:7    | Killed an ancient lich
104800 | Tar:7    | Noticed an ancient lich
104801 | Tar:7    | Noticed an ancient lich
104813 | Tar:7    | Killed an ancient lich
104822 | Tar:7    | Killed an ancient lich
105060 | Tar:7    | Noticed the Serpent of Hell
105074 | Tar:7    | Killed the Serpent of Hell
105074 | Tar:7    | Enslaved the Serpent of Hell
105179 | Tar:7    | Noticed Ereshkigal
105200 | Tar:7    | Killed Ereshkigal
105385 | Tar:7    | Got a bone rune of Zot
106490 | Tomb:3   | Entered Level 3 of the Tomb of the Ancients
106513 | Tomb:3   | Found the +3 pair of gauntlets of War {Slay+5}
106568 | Tomb:3   | Gained mutation: You are clumsy. (Dex -2) [mutagenic glow]
106585 | Tomb:3   | Noticed a royal mummy
106597 | Tomb:3   | Gained mutation: You sometimes lose your temper in combat.
                  | [mutagenic glow]
106612 | Tomb:3   | Killed a royal mummy
106628 | Tomb:3   | Lost mutation: Your flesh is cold resistant. (rC+)
                  | [mutagenic glow]
106680 | Tomb:3   | Noticed a royal mummy
106686 | Tomb:3   | Killed a royal mummy
106701 | Tomb:3   | Noticed a royal mummy
106704 | Tomb:3   | Killed a royal mummy
106709 | Tomb:3   | Noticed Khufu
106712 | Tomb:3   | Noticed a royal mummy
106713 | Tomb:3   | Killed Khufu
106716 | Tomb:3   | Killed a royal mummy
106719 | Tomb:3   | Noticed a royal mummy
106721 | Tomb:3   | Noticed a royal mummy
106722 | Tomb:3   | Killed a royal mummy
106724 | Tomb:3   | Killed a royal mummy
106964 | Tomb:3   | Noticed a royal mummy
106974 | Tomb:3   | Killed a royal mummy
107072 | Tomb:3   | Noticed a royal mummy
107083 | Tomb:3   | Killed a royal mummy
107309 | Tomb:3   | Got a golden rune of Zot
107548 | Tomb:3   | Identified the +6 trident of the Depths {heavy, rC+ rCorr
                  | Str+3}
107549 | Tomb:3   | Identified the +10 great sword "Uduar" {freeze, rF++ rC+
                  | Str+4 Int-5}
107550 | Tomb:3   | Identified the +5 flail "Ekkifufu" {freeze, Str-2 Dex+2
                  | SInv}
107556 | Tomb:3   | Identified the ring of the Establishment {Drain Fly rF+++
                  | Int+3 Slay+2}
107570 | Tomb:3   | Identified the +1 sling "Isowere" {freeze, rElec rN+ Int+3}
107575 | Tomb:3   | Identified the amulet "Nas Riuv" {Reflect Fly rF+++ Str-4
                  | SH+5 SInv}
108497 | Zot:5    | Got the Orb of Zot
108518 | Zot:5    | Noticed Boris
109131 | D:1      | Noticed an ancient lich
109133 | D:1      | Noticed Atoxeuti the pandemonium lord
109147 | D:1      | Killed an ancient lich
109156 | D:1      | Killed Atoxeuti the pandemonium lord
109159 | D:$      | Escaped with the Orb!

Illustrated notes

Levels and vault maps discovered:
D:1:      lemuel_arrival_hallway, layout_basic
D:2:      layout_rooms
D:3:      wad_river_or_something, layout_loops_ring, kennysheep_doodads,
          nrook_mini_backslash, minmay_misc_feat_room, chequers_mini_garden
D:4:      layout_cave_pools, minmay_misc_feat_columns
D:5:      layout_basic, minmay_fractal_squares_gapless_5
D:6:      layout_layer_cave, minmay_temple_entry_hall
D:7:      layout_rooms, grunt_temple_overflow_open, hellmonk_bongcloud_opening
D:8:      layout_loops_corners, serial_shops, shop, uniq_erica, uniq_joseph
D:9:      layout_rooms, lair_entry_dummy, grunt_tough_drop, uniq_erolcha
D:10:     layout_rooms, enter_bailey_3
D:11:     layout_roguey, kennysheep_orc_monster_closet_entryway, kennysheep_nub,
          palyth_stone_intersect, uniq_grum
D:12:     layout_basic, serial_shops, nicolae_square_shop, uniq_fannar
D:13:     layout_basic, hangedman_vaults_entry_quadrant_bands,
          grunt_ministairs_12, minmay_misc_feat_x, uniq_snorg
D:14:     gammafunk_dig_for_victory, layout_layer_cave, grunt_decor_junction
D:15:     grunt_enter_depths_magical_seal, layout_long_grid,
          minmay_misc_feat_more_columns, serial_shops, shop,
          nicolae_shop_overcharged_wands, uniq_nessos
Temple:   mainiacjoe_temple_big_plus
Lair:1:   layout_layer_cave, disabler_island
Lair:2:   layout_misc_corridors, grunt_megastairs_3,
          infiniplex_staircase_pool_2, uniq_harold
Lair:3:   layout_chaotic_city, palyth_hydra_swamp_entry,
          guppyfry_snake_entry_garden, gauntlet_entry_generic,
          grunt_megastairs_2, lemuel_fruit_tree, uniq_amaemon
Lair:4:   layout_hall_layers, nicolae_volcano_entry_batcave, kennysheep_rathole,
          serial_bayou_shore_b, infiniplex_staircase_pool, grunt_megastairs_4
Lair:5:   grunt_lair_end_beastmaster, layout_cave_pods,
          minmay_slime_entry_oklob_open, dreamdust_deal_with_the_devil
Swamp:1:  layout_basic_swamp, evilmike_swamp_ruin_house_2,
          nicolae_swamp_very_dense_foliage
Swamp:2:  layout_basic_swamp, evilmike_swamp_ruin_wall, uniq_frances
Swamp:3:  layout_falls_marsh, nicolae_swamp_orc_logging_accident
Swamp:4:  nzn_swamp_witches_coven, layout_basic_swamp, gammafunk_ghost_grave,
          swamp_pool3, uniq_nikola
Snake:1:  layout_cave_pods
Snake:2:  layout_gridlike, serial_bayou, serial_bayou_crossing,
          serial_bayou_pond_d, serial_bayou_pond_b, serial_bayou_lagoon_b,
          uniq_vashnia, uniq_agnes, uniq_asterion, uniq_jorgrun, uniq_aizul
Snake:3:  layout_cave_pods, uniq_louise
Snake:4:  hellmonk_snake_rune_quicksilver_temple, layout_concentric_octagons,
          ebering_ghost_disaster_area
Slime:1:  layout_caves, special_room [special_room_jelly]
Slime:2:  layout_caves
Slime:3:  layout_caves
Slime:4:  layout_caves
Slime:5
Orc:1:    layout_diamond_mine, serial_shops, nicolae_shop_advertising_works
          [nicolae_subvault_shop_adworks], nicolae_shop_gadgets
Orc:2:    st_orc_ogre_mass, layout_diamond_mine
Elf:1:    elf_arrival_002, layout_loops_cross, minmay_elf_demonology
Elf:2:    elven_hall_of_blades_hangedman_original [nicolae_blade_little_rooms],
          layout_loops_cross, onia_ninara_cookie
Elf:3:    minmay_elf_hall_spiked, layout_geoelf_grid, serial_shops, shop
Vaults:1: vaults_room_door_ring, nicolae_vaults_shelves_hall,
          nicolae_vaults_twisting_passages, vaults_dpeg_hooks,
          vaults_room_corners, nicolae_vaults_big_ls,
          nicolae_vaults_yaktaur_gun_rack, v_misc_18, hangedman_vaults_trim,
          hangedman_vaults_stretched_pinwheel, ontoclasm_vaults_decontamination,
          v_misc_13, special_room_vaults [special_room_orc], layout_vaults_ring,
          serial_shops, nicolae_shop_temple_entry_statues_fountains,
          uniq_saint_roka
Vaults:2: v_misc_25, v_misc_5, st_greater_box_3, nicolae_vaults_what_the_h,
          nicolae_vaults_diagonal_hallway_6, nicolae_vaults_diagonal_hallway_6,
          vaults_dpeg_ring, v_pattern_5, nicolae_vaults_back_hallway,
          hangedman_vaults_trim, v_misc_8, vaults_mumra_hexcomb,
          nicolae_vaults_little_squares_5, hangedman_vaults_stretched_pinwheel,
          nicolae_vaults_three_branches, vaults_dpeg_emergency_exit,
          layout_vaults_maze_bifur, serial_shops, shop
Vaults:3: vaults_room_grunt_arrival_ludios, nicolae_vaults_stairing_the_circle,
          ontoclasm_vaults_misaligned, vaults_mumra_minichess, v_misc_18,
          minmay_crypt_entry_nasty_monster, nicolae_vaults_ring_of_whatevers,
          vaults_room_door_hall, nicolae_vaults_ninety_degrees,
          grunt_vaults_bifocal, nicolae_vaults_asterisk, nicolae_vaults_theta,
          serial_ice_m, layout_vaults_omnibox
Vaults:4: hangedman_vaults_variations, vaults_standard_mumra_lines,
          nicolae_vaults_mini_display_case, hangedman_vaults_slice,
          v_alt_pattern_3, grunt_vaults_focal, dpeg_vaults_monster_row,
          v_misc_31, nicolae_vaults_little_squares_4,
          nicolae_vaults_little_squares_1, nicolae_vaults_specimen_jars,
          grunt_vaults_diagonal, layout_vaults_omnigrid, serial_shops,
          nicolae_shop_trees
Vaults:5
Crypt:1:  layout_catacombs, uniq_boris
Crypt:2:  layout_regular_city, uniq_donald
Crypt:3:  lightli_unholy_cathedral, layout_chaotic_city,
          nicolae_tomb_entry_grand_gallery, feat_on_display
Tomb:1
Tomb:2
Tomb:3
Depths:1: layout_gridlike, pf_vacation_house_of_asmodeus, kennysheep_boxes,
          serial_sigils, serial_sigils_hangedman_writhe,
          serial_sigils_hangedman_stare, serial_sigils_hangedman_scar,
          serial_sigils_hangedman_etch, serial_sigils_hangedman_gut,
          minivault_10, minmay_shop_grid_forest, uniq_sojobo
Depths:2: minmay_diamond_stairs, layout_cave_pools,
          minmay_misc_feat_secret_circle, grunt_pan_entry_in_and_out,
          grunt_hell_entry_dis_old, infiniplex_staircase_zigzag_4
Depths:3: hangedman_arch_fort, layout_cave_shapes, enter_ziggurat_b,
          lightli_too_deep, hangedman_abyss_entry_splay,
          infiniplex_enter_wizlab_glasses, fedhas_altar_3,
          kennysheep_generic_room_2, firewood_loft
Depths:4: grunt_zot_entry_hairpin, layout_cave_shapes, hell_entry, uniq_xtahua,
          uniq_jory
Hell
Dis:1:    layout_subdivisions
Dis:2:    layout_regular_city
Dis:3:    layout_jigsaw
Dis:4:    layout_gridville
Dis:5:    layout_subdivisions
Dis:6:    layout_subdivisions, nicolae_dis_scattering
Dis:7:    dis_grunt_layers
Geh:1:    layout_gehenna_pools_basic
Geh:2:    layout_gehenna_pools_basic, nicolae_hells_hurtin_island
Geh:3:    layout_gehenna_pools_box
Geh:4:    layout_gehenna_lava_caves
Geh:5:    nicolae_geh_tyrants_menagerie, layout_gehenna_pools_triple
Geh:6:    layout_gehenna_pools_triple
Geh:7:    evilmike_geh
Coc:1:    layout_cocytus_water_paths
Coc:2:    layout_ice_bergs
Coc:3:    layout_cocytus_water_paths
Coc:4:    layout_ice_bergs
Coc:5:    layout_cocytus_water_paths
Coc:6:    layout_cocytus_water_paths
Coc:7:    coc_hangedman
Tar:1:    layout_grid_maze, evilmike_ambush [evilmike_ambush_outer_doors,
          evilmike_ambush_inner_wall_1]
Tar:2:    layout_honeycomb, nicolae_tar_honey_chapel
Tar:3:    layout_honeycomb, nicolae_tar_liches_on_tour
Tar:4:    nicolae_tar_fifth_circle, layout_cathedral_of_symmetry
Tar:6:    layout_grid_maze
Tar:7:    tar_old
Zot:1:    layout_gridville
Zot:2:    dreamdust_zin_vs_xom, layout_twisted_circle
Zot:3:    lemuel_draconian_sentries, layout_misc_corridors,
          nicolae_diode_quadrants
Zot:4:    layout_gridlike, st_stairs_1
Zot:5:    layout_gridlike, bh_zot_levy_curve, lemuel_baited_zot_trap

Skill      XL: |  1  2  3  4  5  6  7  8  9 10 11 12 13 14 15 16 17 18 19 20 21 22 23 24 25 26 27 |
---------------+----------------------------------------------------------------------------------+-----
Stealth        | 1 4 5 7 9 10 12 13 27 | 27.0
Ranged Weapons | 4 5 6 7 8 9 10 12 13 15 18 19 21 22 23 24 25 | 25.7
Spellcasting   | 3 8 |  8.0
Evocations     | 3 4 6 7 9 11 12 14 23 | 23.7
Air Magic      | 1 5 6 8 15 | 15.0
Invocations    | 5 8 10 12 13 15 17 20 24 25 26 27 | 27.0
Dodging        | 3 5 7 9 10 11 12 13 15 16 17 19 25 | 25.5
Fighting       | 4 6 8 10 12 13 14 15 16 18 27 | 27.0
Translocations | 3 5 8 9 10 15 | 15.0
Hexes          | 3 5 7 |  7.0
Fire Magic     | 4 |  4.0

Action                     |  1- 3 |  4- 6 |  7- 9 | 10-12 | 13-15 | 16-18 | 19-21 | 22-24 | 25-27 || total
---------------------------+-------+-------+-------+-------+-------+-------+-------+-------+-------++-------
  Melee: Dagger            |       |    36 |   230 |   220 |       |       |       |       |       ||   486
         Tailslap          |       |     5 |    35 |    53 |       |       |       |       |     1 ||    94
         Punch             |       |     1 |     2 |     7 |       |       |       |       |       ||    10
         Arbalest          |       |       |       |       |       |       |       |       |     1 ||     1
   Fire: Shortbow          |    99 |   116 |   162 |   437 |       |       |       |       |       ||   814
         Arbalest          |       |       |       |    65 |   364 |     1 |       |       |   696 ||  1126
         Longbow           |       |       |       |       |   234 |  1338 |  1747 |  2037 |  7319 || 12675
  Throw: Dart              |       |       |       |     8 |       |       |       |       |       ||     8
   Cast: Airstrike         |       |       |     3 |    23 |       |       |       |       |       ||    26
         Portal Projectile |       |       |       |       |    20 |    83 |    84 |   122 |   389 ||   698
         Blink             |       |       |       |       |       |       |       |       |    15 ||    15
         Passage of Golubr |       |       |       |       |       |       |       |       |    15 ||    15
         Silence           |       |       |       |       |       |       |       |       |     6 ||     6
         Apportation       |       |       |       |       |       |       |       |       |     3 ||     3
         Dispersal         |       |       |       |       |       |       |       |       |     1 ||     1
         Vhi's Electric Ch |       |       |       |       |       |       |       |       |     1 ||     1
 Invoke: Recall Undead Har |       |       |     1 |     3 |     9 |    16 |    18 |    24 |    55 ||   126
         Dark Bargain      |       |       |       |     4 |     5 |     1 |     3 |       |     3 ||    16
         Bind Soul         |       |       |       |     1 |     3 |     3 |     6 |     3 |    11 ||    27
         Drain Life        |       |       |       |       |       |       |     2 |     1 |     1 ||     4
         Stop Recall       |       |       |       |       |       |       |       |       |     1 ||     1
Ability: Breathe Lightning |       |       |     7 |     9 |     1 |       |       |     1 |     2 ||    20
  Evoke: Wand              |       |     1 |       |     8 |       |       |     3 |       |    13 ||    25
         Condenser vane    |       |       |       |       |     4 |     3 |     4 |     3 |    12 ||    26
         Tin of tremorston |       |       |       |       |     2 |       |     5 |       |     5 ||    12
         Phantom mirror    |       |       |       |       |       |       |       |       |    14 ||    14
         Box of beasts     |       |       |       |       |       |       |       |       |    11 ||    11
         Horn of Geryon    |       |       |       |       |       |       |       |       |     6 ||     6
         Phial of floods   |       |       |       |       |       |       |       |       |     4 ||     4
         Lightning rod     |       |       |       |       |       |       |       |       |     1 ||     1
    Use: Scroll            |       |     5 |    12 |    10 |    14 |     8 |     6 |     2 |    76 ||   133
         Potion            |       |       |       |     2 |     2 |       |     1 |       |    74 ||    79
   Stab: Sleeping          |       |       |     1 |     2 |       |       |       |       |       ||     3
         Distracted        |       |       |     1 |     2 |       |       |       |       |       ||     3
         Paralysed         |       |       |       |     4 |       |       |       |       |       ||     4
 Armour: Skin              |    17 |    22 |   133 |   211 |    73 |    51 |    65 |    72 |   450 ||  1094
  Dodge: Dodged            |    32 |    30 |   239 |   556 |   247 |   189 |   298 |   380 |  2395 ||  4366
  Block: Reflection        |       |       |       |       |       |       |       |       |     1 ||     1
         Other             |       |       |       |       |       |       |       |       |    30 ||    30

Table legend: (Time is in decaauts)
 A = Elapsed time spent in this place.
 B = Non-inter-level travel time spent in this place.
 C = Inter-level travel time spent in this place.
 D = Time resting spent in this place.
 E = Time spent auto-exploring this place.
 F = Levels seen in this place.
 G = Mean time per level.
                   A        B        C        D        E       F      G
               +--------+--------+--------+--------+--------+-----+--------+
         Total | 101228 |  89259 |  11969 |  14286 |  52529 | 125 |  809.8 |
       Dungeon |  18642 |  14972 |   3670 |    727 |  11306 |  15 | 1242.8 |
        Temple |    459 |    392 |     67 |      0 |    384 |   1 |  459.0 |
          Lair |   5406 |   4772 |    634 |     44 |   3406 |   5 | 1081.2 |
         Swamp |   4008 |   3856 |    152 |    544 |   2715 |   4 | 1002.0 |
     Snake Pit |   6524 |   6193 |    331 |    481 |   4879 |   4 | 1631.0 |
    Slime Pits |   2998 |   2891 |    107 |    507 |   1861 |   5 |  599.6 |
  Orcish Mines |   2369 |   1429 |    940 |      0 |   1095 |   2 | 1184.5 |
   Elven Halls |   4704 |   4229 |    475 |    805 |   2557 |   3 | 1568.0 |
        Vaults |  10027 |   9063 |    964 |    772 |   6885 |   5 | 2005.4 |
         Crypt |   3109 |   2565 |    544 |     40 |   2105 |   3 | 1036.3 |
          Tomb |   3108 |   2764 |    344 |    825 |   1233 |   3 | 1036.0 |
        Depths |   8073 |   5736 |   2337 |    648 |   4241 |   4 | 2018.2 |
          Hell |   1359 |   1051 |    308 |     30 |    692 |   1 | 1359.0 |
           Dis |   2229 |   2172 |     57 |   1295 |      0 |   7 |  318.4 |
       Gehenna |   2889 |   2753 |    136 |   1157 |    177 |   7 |  412.7 |
       Cocytus |   2418 |   2390 |     28 |   1283 |    284 |   7 |  345.4 |
      Tartarus |   4022 |   3870 |    152 |   2016 |    416 |   6 |  670.3 |
           Zot |   6409 |   5695 |    714 |    769 |   3812 |   5 | 1281.8 |
         Abyss |   1023 |   1023 |      0 |      0 |    272 |   4 |  255.8 |
   Pandemonium |   8331 |   8331 |      0 |   1291 |   3517 |  18 |  462.8 |
      Ziggurat |   1353 |   1353 |      0 |    737 |      0 |  12 |  112.8 |
        Bailey |    512 |    512 |      0 |    107 |     91 |   1 |  512.0 |
       Volcano |    329 |    329 |      0 |     33 |    129 |   1 |  329.0 |
        Wizlab |    513 |    513 |      0 |     69 |    294 |   1 |  513.0 |
      Gauntlet |    404 |    404 |      0 |    100 |    176 |   1 |  404.0 |
               +--------+--------+--------+--------+--------+-----+--------+

Top non-repeatable levels by time:
Depths:1: 2692 daAuts
Vaults:2: 2279 daAuts
   Elf:3: 2167 daAuts
Vaults:4: 2128 daAuts
Depths:2: 2107 daAuts
 Snake:3: 2102 daAuts
Vaults:1: 2049 daAuts
    D:11: 1958 daAuts
Vaults:5: 1902 daAuts
    D:14: 1795 daAuts
    D:12: 1760 daAuts
    D:13: 1738 daAuts
    D:15: 1670 daAuts
Vaults:3: 1668 daAuts
Depths:4: 1649 daAuts
